 Dungeon Crawl Stone Soup version 0.32-a0-814-g0968bab981 (webtiles) character file.

Game seed: 10933859148140487595

18944750 shorse the Naga Barricade (level 27, 298/298 HPs)
             Began as a Naga Hedge Wizard on Mar 22, 2024.
             Was the Champion of Cheibriados.
             Escaped with the Orb
             ... and 15 runes on Mar 23, 2024!
             The game lasted 10:28:53 (81096 turns).

shorse the Naga Barricade (Naga Hedge Wizard)      Turns: 81096, Time: 10:28:53

Health: 298/298    AC: 28    Str: 31    XL:     27
Magic:  42/42      EV: 27    Int: 51    God:    Cheibriados [******]
Gold:   14395      SH: 43    Dex: 36    Spells: 0/56 levels left

rFire   + + .        D - +9 broad axe (heavy)
rCold   + . .        d - +7 tower shield
rNeg    . . .        Z - +0 troll leather armour
rPois   +            W - +0 mask of the Dragon {Will+ Slay+3 SInv}
rElec   +            q - +2 cloak {rF+}
rCorr   +            o - +1 pair of gloves {Str+3}
SInv    +            S - +4 barding
Will    +++++        e - amulet of Utwut {Reflect rElec Int+5 Dex+3 SH+5}
Stlth   +++          Y - ring "Samugh" {rF++ rC+ MP-9 Int+6}
HPRegen 1.49/turn    n - ring "Vagrik" {rF- Will+ rCorr MP+9 Dex+4}
MPRegen 0.28/turn

%: reflection
@: studying 5 skills, very slow
A: AC +9, large, see invisible, deformed body, poison resistance, slowness 2,
spit poison 1, naga tail 2
0: Orb of Zot
}: 15/15 runes: barnacled, slimy, silver, golden, iron, obsidian, icy, bone,
abyssal, demonic, glowing, magical, fiery, dark, gossamer
a: Spit Poison, Renounce Religion, Bend Time, Temporal Distortion, Slouch, Step
From Time


You escaped.
You worshipped Cheibriados.
Cheibriados was exalted by your worship.
You visited 18 branches of the dungeon, and saw 88 of its levels.
You visited Pandemonium 1 time, and saw 11 of its levels.
You visited the Abyss 2 times.
You visited 2 ziggurats, and saw 13 of their levels (deepest: 11).
You also visited: Ice Cave and Volcano.

You collected 18341 gold pieces.
You spent 3946 gold pieces at shops.

Inventory:

Hand Weapons
 D - a +9 heavy broad axe (weapon)
 K - a +9 broad axe of freezing
Missiles
 Q - 4 javelins
 T - 13 silver javelins (quivered)
Armour
 a - a scarf of repulsion
 b - the +18 shield of the Gong {Loud rN+ Will+ rCorr EV-5}
   (You found it on level 4 of a ziggurat)

   Loud:      It is deafeningly noisy when blocking attacks.
   EV-5:      It affects your evasion (-5).
   rN+:       It protects you from negative energy.
   Will+:     It increases your willpower.
   rCorr:     It protects you from acid and corrosion.
 d - a +7 tower shield (worn)
 h - a +0 robe of resistance
 o - a +1 pair of gloves of strength (worn)
 q - a +2 cloak of fire resistance (worn)
 S - a +4 barding (worn)
 W - the +0 mask of the Dragon (worn) {Will+ Slay+3 SInv}
   (You found it on level 3 of the Tomb of the Ancients)

   Slay+3:    It affects your accuracy & damage with ranged weapons and melee
   (+3).
   Will+:     It increases your willpower.
   SInv:      It lets you see invisible.
 Z - a +0 troll leather armour (worn)
Magical Staves
 f - the staff of the Elven Halls {rElec rF+ rC++ Dex+3 Hexes Fire}
   (You found it on level 3 of the Crypt)

   [staff of fire]

   Base accuracy: +5 Base damage: 5 Base attack delay: 1.2 This weapon's minimum
   attack delay (0.6) is reached at skill level 12.
   Dex+3:     It affects your dexterity (+3).
   rF+:       It protects you from fire.
   rC++:      It greatly protects you from cold.
   rElec:     It insulates you from electricity.
   Hexes:     It increases the power of your Hexes spells.
   Fire:      It increases the power of your Fire spells.
   It falls into the 'Staves' category.
   It is a one-handed weapon.
Jewellery
 e - the amulet of Utwut (around neck) {Reflect rElec Int+5 Dex+3 SH+5}
   (You found it on level 3 of the Tomb of the Ancients)

   [amulet of reflection]

   Reflect:   It reflects blocked missile attacks.
   Int+5:     It affects your intelligence (+5).
   Dex+3:     It affects your dexterity (+3).
   rElec:     It insulates you from electricity.
   SH+5:      It affects your SH (+5).
 m - the ring "Kiytriyd" {rN+ Will+ Dex+2}
   (You took it off a deep elf zephyrmancer on level 3 of the Elven Halls)

   [ring of willpower]

   Dex+2:     It affects your dexterity (+2).
   rN+:       It protects you from negative energy.
   Will+:     It increases your willpower.
 n - the ring "Vagrik" (right hand) {rF- Will+ rCorr MP+9 Dex+4}
   (You found it on level 1 of the Elven Halls)

   [ring of resist corrosion]

   Dex+4:     It affects your dexterity (+4).
   rF-:       It makes you vulnerable to fire.
   Will+:     It increases your willpower.
   MP+9:      It affects your magic capacity (+9).
   rCorr:     It protects you from acid and corrosion.
 r - the ring "Cuopruf" {Fire rN++ Int+2 Dex+4}
   (You found it on level 3 of the Crypt)

   [ring of fire]

   Fire:      It enhances your fire magic.
   Int+2:     It affects your intelligence (+2).
   Dex+4:     It affects your dexterity (+4).
   rF+:       It protects you from fire.
   rC-:       It makes you vulnerable to cold.
   rN++:      It greatly protects you from negative energy.
 s - a ring of resist corrosion
 v - an amulet of magic regeneration
 w - the ring "Yczaqo" {rF+ rN++ Slay+2}
   (You found it on level 3 of the Crypt)

   [ring of protection from fire]

   Slay+2:    It affects your accuracy & damage with ranged weapons and melee
   (+2).
   rF+:       It protects you from fire.
   rN++:      It greatly protects you from negative energy.
 A - the ring of Guoraom {rElec rPois rN+ Will+++ Dex-4}
   (You found it on level 9 of a ziggurat)

   [ring of poison resistance]

   Dex-4:     It affects your dexterity (-4).
   rElec:     It insulates you from electricity.
   rPois:     It protects you from poison.
   rN+:       It protects you from negative energy.
   Will+++:   It greatly increases your willpower.
 H - a ring of wizardry
 L - the ring "Yxkanyit" {rF++ AC+4 Int+3}
   (You found it on level 3 of the Tomb of the Ancients)

   [ring of protection]

   AC+4:      It affects your AC (+4).
   Int+3:     It affects your intelligence (+3).
   rF++:      It greatly protects you from fire.
 V - the ring of Qyerety {rN+ Int+3 Dex+9 Stlth-}
   (You found it on level 5 of a ziggurat)

   [ring of positive energy]

   Int+3:     It affects your intelligence (+3).
   Dex+9:     It affects your dexterity (+9).
   rN+:       It protects you from negative energy.
   Stlth-:    It makes you less stealthy.
 X - the ring "Siqujol" {Fire rElec rPois Str+4}
   (You found it in Pandemonium)

   [ring of fire]

   Fire:      It enhances your fire magic.
   Str+4:     It affects your strength (+4).
   rF+:       It protects you from fire.
   rC-:       It makes you vulnerable to cold.
   rElec:     It insulates you from electricity.
   rPois:     It protects you from poison.
 Y - the ring "Samugh" (left hand) {rF++ rC+ MP-9 Int+6}
   (You bought it in a shop on level 2 of the Orcish Mines)

   [ring of intelligence]

   Int+6:     It affects your intelligence (+6).
   rF++:      It greatly protects you from fire.
   rC+:       It protects you from cold.
   MP-9:      It affects your magic capacity (-9).
Talismans
 y - a talisman of death
 P - the granite talisman of Seapp {Will+ Int+5 Dex+2}
   (You found it on level 11 of the Dungeon)

   [granite talisman]

   Int+5:     It affects your intelligence (+5).
   Dex+2:     It affects your dexterity (+2).
   Will+:     It increases your willpower.
Wands
 g - a wand of digging (30)
 x - a wand of warping (63)
 J - a wand of light (35)
Scrolls
 c - 7 scrolls of fog
 k - 4 scrolls of poison
 t - 3 scrolls of amnesia
 B - 9 scrolls of teleportation
 F - a scroll of revelation
 G - 2 scrolls of blinking
Potions
 i - 11 potions of mutation
 j - 3 potions of might
 l - 10 potions of brilliance
 p - 37 potions of curing
 z - 3 potions of resistance
 C - 11 potions of lignification
 E - 4 potions of heal wounds
 I - 8 potions of attraction
 M - 7 potions of magic
 N - a potion of cancellation
 O - 6 potions of invisibility
 R - 4 potions of enlightenment


   Skills:
 O Level 27 Fighting
 - Level 25.2 Axes
 - Level 2.0(16.9) Polearms
 - Level 2.0 Throwing
 - Level 11.0 Armour
 - Level 16.6 Dodging
 - Level 20.4 Stealth
 O Level 27 Shields
 - Level 15.0 Spellcasting
 - Level 17.0 Conjurations
 - Level 5.0 Hexes
 - Level 10.0 Summonings
 - Level 5.0 Necromancy
 - Level 4.0 Translocations
 - Level 18.0 Fire Magic
 - Level 8.0 Ice Magic
 - Level 8.0 Air Magic
 * Level 18.0 Earth Magic
 - Level 8.0 Alchemy
 - Level 13.0 Invocations
 - Level 2.0 Evocations
 - Level 23.0 Shapeshifting


You couldn't memorise any spells.
You knew the following spells:

 Your Spells              Type           Power      Damage    Failure   Level
a - Ignition              Fire           61%        3d16      2%          8
b - Spellforged Servitor  Conj/Summ      54%        N/A       1%          7
c - Orb of Destruction    Conj           59%        9d14      1%          7
d - Blink                 Tloc           100%       N/A       1%          2
e - Lesser Beckoning      Tloc           100%       N/A       1%          2
f - Ozocubu's Armour      Ice            88%        N/A       1%          3
g - Shatter               Erth           61%        3d45*     32%         9
h - Lehudib's Crystal Sp  Conj/Erth      60%        10d14     2%          8
i - Freezing Cloud        Conj/Ice/Air   50%        6-21      1%          5
l - Yara's Violent Unrav  Hex/Alch       40%        3d16      1%          5

Your spell library contained the following spells:

 Spells                   Type           Power      Damage    Failure   Level
 Foxfire                  Conj/Fire      100%       2x1d9     0%          1
 Kiss of Death            Conj/Necr      100%       2d13      0%          1
 Magic Dart               Conj           100%       1d8       0%          1
 Sting                    Conj/Alch      100%       1d9       0%          1
 Call Imp                 Summ           100%       N/A       0%          2
 Momentum Strike          Conj/Tloc      100%       3d10      0%          2
 Scorch                   Fire           100%       2d9       0%          2
 Searing Ray              Conj           100%       2d8       0%          2
 Static Discharge         Conj/Air       100%       3-8/arc   0%          2
 Hailstorm                Conj/Ice       100%       3d16      0%          3
 Inner Flame              Hex/Fire       100%       N/A       0%          3
 Passwall                 Erth           100%       N/A       0%          3
 Animate Armour           Summ/Erth      100%       N/A       0%          4
 Flame Wave               Conj/Fire      100%       2d21      0%          4
 Summon Blazeheart Golem  Fire/Summ      100%       N/A       0%          4
 Fireball                 Conj/Fire      60%        3d23      0%          5
 Iskenderun's Battlesphe  Conj           100%       2d15      0%          5
 Lee's Rapid Deconstruct  Erth           61%        3d28*     0%          5
 Freeze                   Ice            100%       1d10      1%          1
 Necrotise                Necr           100%       1d9       1%          1
 Slow                     Hex            100%       N/A       1%          1
 Cigotuvi's Dreadful Rot  Necr/Alch/Air  100%       N/A       1%          2
 Ensorcelled Hibernation  Hex/Ice        100%       N/A       1%          2
 Mercury Vapours          Alch/Air       100%       N/A       1%          2
 Sublimation of Blood     Necr           73%        N/A       1%          2
 Call Canine Familiar     Summ           96%        N/A       1%          3
 Confusing Touch          Hex            73%        N/A       1%          3
 Dazzling Flash           Conj/Hex       100%       N/A       1%          3
 Frozen Ramparts          Ice            100%       1d16      1%          3
 Fugue of the Fallen      Necr           73%        N/A       1%          3
 Gell's Gravitas          Tloc           68%        N/A       1%          3
 Mephitic Cloud           Conj/Alch/Air  100%       N/A       1%          3
 Sigil of Binding         Hex            73%        N/A       1%          3
 Summon Ice Beast         Ice/Summ       92%        N/A       1%          3
 Teleport Other           Tloc           68%        N/A       1%          3
 Tukima's Dance           Hex            73%        N/A       1%          3
 Vampiric Draining        Necr           73%        2d11      1%          3
 Volatile Blastmotes      Fire/Tloc      100%       2d18      1%          3
 Airstrike                Air            44%        2d(7-23)  1%          4
 Anguish                  Hex/Necr       36%        N/A       1%          4
 Animate Dead             Necr           73%        N/A       1%          4
 Cause Fear               Hex            36%        N/A       1%          4
 Dimensional Bullseye     Hex/Tloc       35%        N/A       1%          4
 Dispel Undead            Necr           73%        3d24      1%          4
 Fulminant Prism          Conj/Alch      52%        3d22      1%          4
 Ignite Poison            Fire/Alch      100%       N/A       1%          4
 Iskenderun's Mystic Bla  Conj/Tloc      98%        2d19      1%          4
 Leda's Liquefaction      Alch/Erth      53%        N/A       1%          4
 Manifold Assault         Tloc           68%        N/A       1%          4
 Martyr's Knell           Necr/Summ      86%        N/A       1%          4
 Olgreb's Toxic Radiance  Alch           88%        N/A       1%          4
 Passage of Golubria      Tloc           68%        N/A       1%          4
 Petrify                  Alch/Erth      100%       N/A       1%          4
 Sticky Flame             Fire/Alch      100%       2d15      1%          4
 Summon Lightning Spire   Summ/Air       92%        N/A       1%          4
 Vhi's Electric Charge    Tloc/Air       100%       N/A       1%          4
 Arcjolt                  Conj/Air       52%        1d62      1%          5
 Borgnjor's Vile Clutch   Necr/Erth      51%        N/A       1%          5
 Curse of Agony           Necr           73%        N/A       1%          5
 Irradiate                Conj/Alch      52%        3d29      1%          5
 Metabolic Englaciation   Hex/Ice        40%        N/A       1%          5
 Silence                  Hex/Air        40%        N/A       1%          5
 Summon Forest            Summ/Tloc      41%        N/A       1%          5
 Summon Mana Viper        Hex/Summ       86%        N/A       1%          5
 Bombard                  Conj/Erth      60%        9d10      1%          6
 Conjure Ball Lightning   Conj/Air       52%        3x3d18    1%          6
 Permafrost Eruption      Ice/Erth       53%        2x4d15    1%          6
 Plasma Beam              Fire/Air       53%        2x1d68    1%          6
 Starburst                Conj/Fire      60%        6d16      1%          6
 Summon Cactus Giant      Summ           48%        N/A       1%          6
 Sculpt Simulacrum        Ice/Alch       44%        N/A       3%          6
 Monstrous Menagerie      Summ           48%        N/A       8%          7
 Summon Hydra             Summ           48%        N/A       8%          7
 Death Channel            Necr           36%        N/A       11%         6
 Dispersal                Tloc           34%        N/A       16%         6
 Ozocubu's Refrigeration  Ice            44%        4d17      17%         7
 Haunt                    Necr/Summ      43%        N/A       21%         7
 Malign Gateway           Summ/Tloc      41%        N/A       26%         7
 Fire Storm               Conj/Fire      60%        8d15      38%         9
 Enfeeble                 Hex            36%        N/A       50%         7
 Summon Horrible Things   Summ           48%        N/A       50%         8
 Maxwell's Capacitive Co  Air            44%        ∞         78%         8
 Chain Lightning          Conj/Air       52%        3d70      97%         9
 Borgnjor's Revivificati  Necr           36%        N/A       99%         8
 Discord                  Hex            36%        N/A       99%         8
 Infestation              Necr           36%        N/A       99%         8
 Disjunction              Tloc           34%        N/A       100%        8
 Death's Door             Necr           36%        N/A       100%        9
 Dragon's Call            Summ           48%        N/A       100%        9


Dungeon Overview and Level Annotations

Branches:
Dungeon (15/15)            Temple (1/1) D:6            Lair (5/5) D:8
 Shoals (4/4) Lair:3       Spider (4/4) Lair:3        Slime (5/5) Lair:5
    Orc (2/2) D:9             Elf (3/3) Orc:2        Vaults (5/5) D:14
  Crypt (3/3) Vaults:2       Tomb (3/3) Crypt:3      Depths (4/4) D:15
   Hell (visited)             Dis (7/7) Hell            Geh (7/7) Hell
    Coc (7/7) Hell            Tar (7/7) Hell            Zot (5/5) Depths:4
  IceCv (visited)         Volcano (visited)

Altars:
Ashenzari
Cheibriados
Dithmenos
Elyvilon
Fedhas
Gozag
Hepliaklqana
Kikubaaqudgha
Makhleb
Nemelex Xobeh
Okawaru
Qazlal
Ru
Sif Muna
Trog
Uskayaw
Vehumet
Wu Jian
Xom
Yredelemnul
Zin
The Shining One
Jiyva

Shops:
D:6 [   D:13 :   D:14 [   Orc:2 [=*!!   Elf:1 [   Shoals:3 (

Portals:
Hell: Lair:5 Depths:1 Depths:2 Depths:3 Depths:4
Abyss: Depths:3
Pandemonium: Orc:2 Depths:2 Depths:4


Innate Abilities, Weirdness & Mutations

Your serpentine skin is tough. (AC +9)
You have supernaturally acute eyesight. (SInv)
Armour fits poorly on your strangely shaped body.
Your system is resistant to poisons. (rPois)
You cover ground very slowly.
You can spit poison.
You can use your snake-like lower body to constrict enemies.


Message History

You block the Ice Fiend's attack. x4; The Ice Fiend completely misses you.
The Ice Fiend claws you. The Ice Fiend freezes you! You resist.
You barely miss the Ice Fiend. Your grab misses the Ice Fiend.
You block the Ice Fiend's attack. x2
You slice the Ice Fiend!!
The Ice Fiend decays.
You grab the Ice Fiend.
The Ice Fiend is lightly wounded.
You constrict the Ice Fiend! The Ice Fiend gestures at you.
The bolt of cold hits you! You resist.
You slash the Ice Fiend!
The Ice Fiend decays.
The Ice Fiend is heavily wounded.
You constrict the Ice Fiend. You block the Ice Fiend's attack. x2
You slice the Ice Fiend like a ripe choko!!!
You kill the Ice Fiend!
Cheibriados appreciates the change of pace.
No target in view!
What level of the Dungeon? (default 1, ? - help)
There is a stone staircase leading up here.
You climb upwards.
There is a stone staircase leading down here.
HP restored.
You see here a +0 leather armour.
An Orb Guardian comes into view.
You block the Orb Guardian's attack.
You closely miss the Orb Guardian. You block the Orb Guardian's attack. x2
You slice the Orb Guardian like a ripe choko!!!
The Orb Guardian decays.
The Orb Guardian is almost dead.
You block the Orb Guardian's attack.
You cut the Orb Guardian into ribbons!!!!
You kill the Orb Guardian!
Cheibriados thoroughly appreciates the change of pace.
Your Earth Magic skill increases to level 18!
No target in view!
What level of the Dungeon? (default 1, ? - help) You're already here!
There is a staircase leading out of the dungeon here.
You begin untransforming.
You continue untransforming. x3
You feel yourself come back to life.
You have escaped!

#.............................
#.....).......................
#...######..####.####...######
#...# #..# #.# ##...### #...#
#..# #.# #......# ####...#
####..####.###......# ...#...#
#........#..........####
##.#...###.......................
...#............@.#####......####
##.#...###........# #####..#
...#...# #####..### #..#
##.#...#######..###########..####
####.............................
####.............................
...################.#############
####..# #.#.# #..# #..# # ##.#
#.#.# ##.# #..#


There were no monsters in sight!

Vanquished Creatures
  Cerebov (Pan)
  Antaeus (Coc:7)
  the Royal Jelly (Slime:5)
  Asmodeus (Geh:7)
  Ereshkigal (Tar:7)
  Gloorx Vloq (Pan)
  Mnoleg (Pan)
  Lom Lobon (Pan)
  Dispater (Dis:7)
  7 dread liches
  3 ancient liches
  3 orbs of fire
  4 juggernauts
  Xtahua (Vaults:4)
  Sojobo (Vaults:5)
  30 royal mummies
  Josephina (Crypt:3)
  Vv (Zot:1)
  Boris (Crypt:3)
  5 pandemonium lords
  17 shard shrikes
  5 Killer Klowns (Zot:5)
  Saint Roka (Vaults:4)
  11 golden dragons
  5 curse toes
  Geryon (Hell)
  22 caustic shrikes
  8 profane servitors
  20 Tzitzimimeh
  10 Brimstone Fiends
  3 electric golems
  10 bone dragons
  A spectral shard shrike (Tar:6)
  5 hellephants
  4 doom hounds
  The ghost of Ironuh the End of an Era, an adept MDMo of Qazlal (Elf:1)
  24 Ice Fiends
  25 iron giants
  21 tentacled monstrosities
  29 Orb Guardians
  27 tainted leviathans
  27 Hell Sentinels
  A shard shrike skeleton (Tomb:3)
  11 titans
  2 deep elf master archers (Elf:3)
  Asterion (Elf:1)
  8 quicksilver dragons
  13 liches
  16 searing wretches
  2 deep elf blademasters (Elf:3)
  18 Executioners
  32 acid blobs
  28 ancient champions
  Polyphemus (Shoals:2)
  10 sphinxes
  11 tentacled starspawn
  7 death cobs
  17 storm dragons
  8 tengu reavers
  10 fire giants
  Donald (Vaults:1)
  A nagaraja (Pan)
  11 draconian monks
  4 demonspawn warmongers
  7 revenants
  13 shadow dragons
  23 rockslimes
  9 azure jellies
  8 protean progenitors
  20 iron dragons
  48 balrugs
  7 frost giants
  6 deep elf sorcerers
  8 draconian scorchers
  10 draconian knights
  4 narguns
  A caustic shrike zombie (Zig:7)
  11 quicksilver elementals
  5 emperor scorpions
  21 vault wardens
  3 angels
  11 ghost moths
  32 reapers
  5 curse skulls
  7 cacodemons
  5 draconian stormcallers
  A juggernaut zombie (Crypt:2)
  11 draconian shifters
  9 shard shrike simulacra
  3 ghouls
  An orc warlord (Vaults:4)
  4 demonspawn blood saints (Pan)
  19 quicksilver oozes
  22 ironbound preservers
  3 broodmothers
  A spectral caustic shrike (Tar:7)
  5 caustic shrike skeletons
  2 ophanim (Abyss:5)
  6 demonspawn corrupters (Pan)
  The ghost of waddelsworth the Grappler, a journeyman TrSh of Uskayaw (Lair:4)
  13 draconian annihilators
  8 stone giants
  3 spectral juggernauts
  A juggernaut skeleton (Pan)
  6 formless jellyfish
  11 very ugly things
  7 ironbound thunderhulks
  8 vampire knights
  29 putrid mouths
  12 black draconians
  20 elemental wellsprings
  12 deep elf death magi
  An apis (Zig:1)
  11 wendigos
  16 green draconians
  8 deep elf demonologists
  3 dire elephants (Vaults:3)
  2 minotaurs (Shoals:4)
  25 yellow draconians
  18 red draconians
  7 demonspawn black suns
  4 eleionomae (Zig:11)
  2 spectral titans
  2 bunyips (Zig:11)
  16 bennus
  6 lorocyprocas
  13 purple draconians
  10 spark wasps
  21 war gargoyles
  9 green deaths
  11 white draconians
  The ghost of hitsuchi the Cleaver, a journeyman MDMo of Sif Muna (Lair:2)
  12 deep elf annihilators
  10 eidola
  A merfolk javelineer (Zig:8)
  2 spectral iron giants
  10 blizzard demons
  A quicksilver dragon zombie (Crypt:3)
  12 iron golems
  29 mummy priests
  The ghost of Wonecvov the Carver, a journeyman DsBe of Trog (D:12)
  A crystal guardian (Vaults:2)
  13 ettins
  6 merfolk impalers
  3 jiangshi
  2 deep elf high priests
  A spectral golden dragon (Tar:2)
  16 yaktaur captains
  An entropy weaver (shapeshifter) (Elf:1)
  7 entropy weavers
  4 fire dragons
  4 spectral spriggans
  Erolcha (D:9)
  10 hydras
  19 great orbs of eyes
  10 ice dragons
  3 peacekeepers
  35 vault guards
  2 demonspawn (Orc:2)
  7 salamander tyrants
  7 juggernaut simulacra
  6 rakshasas
  A sphinx zombie (Depths:1)
  4 jorogumos
  A quicksilver dragon skeleton (Crypt:3)
  7 ogre magi
  3 spriggan skeletons (Crypt:3)
  3 alligator snapping turtles
  A death knight (Abyss:4)
  5 spriggan air magi
  2 ghost crabs (Zig:11)
  12 caustic shrike simulacra
  19 two-headed ogres
  18 stokers
  3 merfolk aquamancers (Pan)
  10 ironbound frosthearts
  34 centaur warriors
  2 catoblepae
  3 hell beasts
  A fenstrider witch skeleton (Crypt:1)
  A spectral stone giant (Tar:4)
  A radroach (Pan)
  46 dancing weapons
  15 boulder beetles
  14 satyrs
  The ghost of hattey the Fighter, a novice HuWn of Okawaru (D:8)
  6 tengu warriors
  41 hell hogs
  11 death yaks
  10 deep troll shamans
  A shock serpent (shapeshifter) (Vaults:5)
  70 death scarabs
  8 deep troll earth magi
  A spectral dire elephant (Tar:1)
  4 vampire magi
  A storm dragon zombie (Zig:7)
  8 thrashing horrors
  8 hell knights
  8 orc high priests
  20 deep elf knights
  11 demonic crawlers
  2 spriggan berserkers (Depths:4)
  3 shock serpents (Pan)
  3 occultists (Depths:3)
  23 soul eaters
  3 hellephant skeletons (Pan)
  3 pharaoh ants
  8 crystal echidnas
  A spatial maelstrom (Abyss:1)
  43 skeletal warriors
  2 wretched stars (Abyss:1)
  73 sun demons
  Nergalle (D:12)
  6 skysharks
  A spectral bunyip (Tar:1)
  25 shadow wraiths
  A bunyip zombie (Crypt:3)
  13 sixfirhies
  2 spark wasp zombies (Depths:1)
  3 spectral anacondas
  10 iron trolls
  10 sea snakes
  A titan skeleton (Crypt:1)
  A storm dragon skeleton (Tomb:1)
  61 deep trolls
  2 goliath frogs (Zig:11)
  7 quicksilver dragon simulacra
  13 sun moths
  2 cherubim (Abyss:5)
  A swamp dragon (Zig:11)
  3 flayed ghosts
  4 obsidian statues
  13 deep elf archers
  A bunyip skeleton (Tomb:2)
  7 arcanists
  2 bog bodies (Crypt:2)
  9 orb spiders
  A spectral hydra (Tar:2)
  An orange crystal statue (Zig:2)
  8 shadow demons
  2 steelbarb worms
  7 glowing orange brains
  6 lindwurms
  21 ironbound convokers
  46 starcursed masses
  A golden dragon skeleton (Tomb:1)
  17 harpies
  33 deep elf pyromancers
  26 deep elf zephyrmancers
  4 spriggan simulacra
  A thermic dynamo (Elf:2)
  3 anaconda skeletons
  6 necromancers
  13 orc knights
  A fenstrider witch simulacrum (Coc:1)
  A spectral ice dragon (Tar:1)
  A tengu zombie (Vaults:2)
  29 ugly things
  3 obsidian bats
  8 orc sorcerers
  3 nameless horrors
  9 phantasmal warriors
  2 fire giant zombies
  3 oklob plants (Zot:2)
  5 salamanders
  17 fauns
  38 moths of wrath
  16 wolf spiders
  9 cyclopes
  2 spectral ettins
  11 shining eyes
  A shadow dragon skeleton (Crypt:1)
  A jorogumo skeleton (Crypt:1)
  A cyclops (shapeshifter) (Depths:3)
  26 manticores
  2 meliai (shapeshifter)
  A spectral centaur (Tar:2)
  7 merfolk sirens
  12 meliai
  A rust devil (Hell)
  A will-o-the-wisp (Zig:11)
  2 worldbinders (Abyss:1)
  A black mamba (shapeshifter) (D:15)
  23 large abominations
  8 black mambas
  9 elephants (Lair:5)
  A water nymph (shapeshifter) (Elf:1)
  3 stone giant skeletons
  3 water nymphs
  5 gargoyles
  2 apocalypse crabs
  3 kobold blastminers
  5 eyes of devastation
  6 titan simulacra
  2 ice statues
  20 vault sentinels
  8 cane toads
  8 molten gargoyles
  40 smoke demons
  A dire elephant zombie (Tomb:3)
  A storm dragon simulacrum (Coc:1)
  3 torpor snails
  10 unseen horrors
  Maggie (D:8)
  A kobold demonologist (Abyss:1)
  24 hellions
  A yellow draconian zombie (Crypt:2)
  15 komodo dragons
  A green draconian zombie (Crypt:2)
  7 orange demons
  20 rime drakes
  2 centaur skeletons
  5 efreet (Pan)
  13 freezing wraiths
  24 tormentors
  28 yaktaurs
  7 anaconda simulacra
  5 iron giant simulacra
  9 ancient zymes
  A komodo dragon (shapeshifter) (Elf:1)
  2 yaktaur skeletons
  3 tengu conjurers
  2 golden dragon simulacra
  3 ice devils
  A bunyip simulacrum (Hell)
  5 spectral nagas
  A queen bee (shapeshifter) (Vaults:5)
  61 guardian mummies
  2 spectral harpies (Tar:1)
  A minotaur skeleton (Crypt:2)
  17 hellwings
  A pale draconian skeleton (Crypt:2)
  2 trolls (shapeshifter)
  13 trolls
  13 hornets
  4 silent spectres
  A queen bee (Lair:2)
  A tengu simulacrum (Vaults:2)
  3 polar bears (shapeshifter)
  A sun moth zombie (Crypt:2)
  Grinder (D:4)
  24 merfolk
  4 harpy skeletons
  11 red devils
  19 tarantellas
  A tarantella (shapeshifter) (D:15)
  A hornet (shapeshifter) (Elf:1)
  11 polar bears
  A jumping spider zombie (Crypt:2)
  7 wind drakes
  An alligator simulacrum (Tomb:2)
  9 raiju
  11 dream sheep
  10 snapping turtles
  23 blink frogs
  An ettin zombie (Tomb:1)
  2 stone giant simulacra
  24 culicivoras
  3 glass eyes
  Sigmund (D:5)
  80 slime creatures
  A spectral black mamba (Tar:2)
  44 jumping spiders
  3 ettin skeletons
  2 air elementals
  2 centaur simulacra (D:15)
  An ice dragon skeleton (Tomb:1)
  5 shadows
  6 spriggans
  3 vampires
  16 wraiths
  4 naga simulacra
  Eustachio (D:5)
  A spriggan (shapeshifter) (D:11)
  18 ynoxinuls
  A human (shapeshifter) (Elf:1)
  57 yaks
  10 water elementals
  7 wyverns
  9 dire elephant simulacra
  9 ushabtiu
  2 death yak simulacra (Lair:4)
  5 fire bats
  25 golden eyes
  9 basilisks
  A redback (shapeshifter) (Abyss:1)
  3 wargs
  7 fire elementals
  16 humans (D:14)
  52 redbacks
  24 neqoxecs
  3 steam dragons
  11 vampire mosquitoes
  14 chaos spawn
  2 alligator snapping turtle simulacra
  A glowing shapeshifter zombie (Depths:1)
  An ogre zombie (Vaults:2)
  The ghost of crabbyslav the Conjurer, an amateur TeRe (D:3)
  19 harpy simulacra
  A naga (shapeshifter) (D:12)
  16 water moccasins
  An acid dragon (D:11)
  A naga skeleton (Tomb:3)
  14 hell hounds
  6 hydra simulacra
  An ice beast (D:7)
  A sky beast (shapeshifter) (Elf:3)
  2 black bears (Lair:3)
  10 ettin simulacra
  7 sky beasts
  32 laughing skulls
  37 orc warriors
  A black bear (shapeshifter) (D:12)
  15 ogres
  7 boggarts
  6 centaurs
  20 wolves
  2 human skeletons (Vaults:3)
  A phantom (D:5)
  10 bullfrogs
  An earth elemental (Elf:1)
  4 kobold brigands
  A glowing shapeshifter simulacrum (Vaults:3)
  2 gnoll sergeants
  A human simulacrum (Vaults:4)
  14 small abominations
  12 wights
  2 scorpions (D:5)
  A warg skeleton (Crypt:1)
  An elephant simulacrum (Lair:4)
  A dream sheep simulacrum (Lair:4)
  16 killer bees
  3 electric eels
  A howler monkey (D:13)
  A torpor snail simulacrum (Lair:4)
  A bombardier beetle (D:5)
  A komodo dragon simulacrum (Lair:4)
  A hound (D:3)
  25 orc priests
  3 quasits
  33 jellies
  4 iguanas
  2 iron imps (Abyss:1)
  A sleepcap (D:7)
  A black bear skeleton (Crypt:2)
  Natasha (D:4)
  Ijyb (D:4)
  27 orc wizards
  6 hell rats (Lair:4)
  72 mummies
  Robin (D:3)
  4 adders
  26 gnolls
  2 white imps
  3 ufetubi
  A dart slug (D:1)
  The ghost of Kurok the Sneak, a weakling KoEn (D:4)
  90 orcs
  A bat (D:1)
  11 endoplasms
  15 goblins
  8 hobgoblins
  A jackal (D:3)
  19 kobolds
  2 quokkas
  An endoplasm zombie (Crypt:1)
  3 frilled lizards
  A kobold zombie (Crypt:1)
  A quokka zombie (Crypt:1)
  6 rats
  An aspiring flesh (Zot:3)
  2 ball lightnings (Pan)
  5 creeping infernos
  25 fire vortices
  26 starspawn tentacles
4438 creatures vanquished.

Vanquished Creatures (collateral kills)
  2 orbs of fire (Zot:5)
  A shard shrike (Coc:4)
  2 caustic shrikes
  6 iron giants
  A tentacled monstrosity (Zot:4)
  3 hellephants
  3 searing wretches
  2 titans
  An ancient champion (Dis:7)
  2 fire giants
  A draconian shifter (Zig:10)
  A frost giant (Coc:5)
  A quicksilver elemental (Dis:6)
  2 iron dragons (Dis:1)
  9 balrugs
  2 elemental wellsprings
  2 black draconians (Zot:4)
  A green draconian (Zot:4)
  A yellow draconian (Zot:4)
  A white draconian (Zot:4)
  5 war gargoyles
  2 wendigos
  7 iron golems
  A mummy priest (Tomb:3)
  A hell beast (Coc:5)
  A salamander tyrant (Geh:5)
  7 stokers
  10 hell hogs
  2 dancing weapons (Dis:7)
  A crystal echidna (Dis:7)
  A hell knight (Hell)
  A sun demon (Hell)
  A sixfirhy (Hell)
  An orb spider (Spider:1)
  A phantasmal warrior (Hell)
  A spriggan simulacrum (Coc:7)
  A smoke demon (Hell)
  A titan simulacrum (Coc:4)
  A hellion (Dis:2)
  5 tormentors
  2 freezing wraiths
  A draconian simulacrum (Coc:1)
  A centaur simulacrum (Coc:1)
  An ushabti (Tomb:3)
  A dire elephant simulacrum (Coc:1)
  A basilisk (Lair:1)
  2 ettin simulacra
  An ogre (D:5)
  A gnoll sergeant (D:6)
  A wight (D:7)
  2 bombardier beetles
  An orc priest (D:4)
  2 hounds
  Natasha (D:4)
  2 gnolls (D:4)
  2 adders
  A white imp (D:4)
  12 orcs
  5 ball pythons
  3 endoplasms
  7 goblins
  9 hobgoblins
  2 jackals (D:3)
  A quokka (D:3)
  2 bats (D:3)
  A frilled lizard (D:2)
  5 kobolds
  2 rats
  2 fire vortices
169 creatures vanquished.

Vanquished Creatures (others)
  An iron giant (Dis:7)
  2 eldritch tentacles (Pan)
  4 fire giants
  2 shard shrike simulacra (Coc:7)
  A draconian scorcher (Zot:4)
  A black draconian (Zot:1)
  A green death (Pan)
  3 caustic shrike simulacra
  A merfolk aquamancer (Shoals:3)
  A stoker (Geh:7)
  A sun demon (Pan)
  A deep elf knight (Elf:3)
  A soul eater (Pan)
  A spriggan simulacrum (Coc:3)
  A fenstrider witch simulacrum (Coc:1)
  A deep elf zephyrmancer (Elf:1)
  2 golden dragon simulacra
  A bloated husk (Zig:11)
  A slime creature (Slime:2)
  A ynoxinul (Pan)
  A chaos spawn (Pan)
  A harpy simulacrum (Crypt:3)
  2 ettin simulacra (Coc:1)
  An orc priest (Vaults:5)
  A mummy (Crypt:3)
  2 orcs (D:5)
  4 ball lightnings (Pan)
  2 fire vortices
  4 foxfires (Zig:11)
  2 lurking horrors
  12 starspawn tentacles
60 creatures vanquished.

Grand Total: 4667 creatures vanquished

Notes
Turn   | Place    | Note
-------+----------+-------------------------------------------
     0 | D:1      | shorse the Naga Hedge Wizard began the quest for the Orb.
     0 | D:1      | Reached XP level 1. HP: 15/15 MP: 4/4
   316 | D:1      | Reached XP level 2. HP: 22/22 MP: 1/6
   319 | D:1      | Learned a level 2 spell: Call Imp
   869 | D:2      | Reached XP level 3. HP: 24/28 MP: 2/7
   873 | D:2      | Learned a level 3 spell: Mephitic Cloud
   876 | D:2      | Learned a level 2 spell: Blink
  1775 | D:3      | Found a transporter.
  1781 | D:3      | Noticed crabbyslav's ghost (amateur TeRe)
  1784 | D:3      | Found a transporter.
  1906 | D:3      | Reached skill level 1 in Alchemy
  1906 | D:3      | Reached XP level 4. HP: 26/36 MP: 6/8
  1988 | D:3      | Noticed Robin
  2012 | D:3      | Found a sparkling altar of Nemelex Xobeh.
  2012 | D:3      | Killed Robin
  2132 | D:3      | Reached skill level 1 in Air Magic
  2218 | D:3      | Reached XP level 5. HP: 23/42 MP: 2/9
  2345 | D:3      | Found a white marble altar of Elyvilon.
  3001 | D:4      | Noticed Grinder
  3362 | D:4      | Noticed Ijyb
  3384 | D:4      | Reached XP level 6. HP: 34/49 MP: 7/10
  3425 | D:4      | Killed Ijyb
  3469 | D:4      | Noticed Natasha
  3502 | D:4      | Killed Natasha
  3569 | D:4      | Noticed Natasha
  3575 | D:4      | Killed Natasha
  3585 | D:4      | Found a runed translucent gate.
  3585 | D:4      | Found a runed translucent gate.
  3585 | D:4      | Found a runed translucent gate.
  3587 | D:4      | Found an opulent altar of Gozag.
  3587 | D:4      | Noticed Kurok's ghost (weakling KoEn)
  4000 | D:5      | Entered Level 5 of the Dungeon
  4033 | D:5      | Learned a level 3 spell: Frozen Ramparts
  4075 | D:5      | Reached skill level 1 in Ice Magic
  4075 | D:5      | Reached XP level 7. HP: 53/55 MP: 7/11
  4204 | D:5      | Noticed Eustachio
  4226 | D:5      | Killed Eustachio
  4236 | D:5      | Reached XP level 8. HP: 61/62 MP: 3/15
  4306 | D:5      | Learned a level 3 spell: Ozocubu's Armour
  4376 | D:5      | Noticed Sigmund
  4391 | D:5      | Killed Sigmund
  4411 | D:5      | Reached skill level 1 in Fighting
  4411 | D:5      | Reached skill level 1 in Polearms
  4411 | D:5      | Reached skill level 5 in Spellcasting
  4419 | D:5      | Found a glowing golden altar of the Shining One.
  4457 | D:5      | Reached skill level 1 in Armour
  5149 | D:6      | Reached skill level 1 in Evocations
  5264 | D:6      | Reached XP level 9. HP: 59/73 MP: 16/18
  5346 | D:4      | Killed Kurok's ghost
  5445 | D:4      | Killed Grinder
  5579 | D:3      | Killed crabbyslav's ghost
  5994 | D:6      | Found Zoskauti's Antique Armour Shop.
  5997 | D:6      | Bought a scorched robe for 159 gold pieces
  5997 | D:6      | Identified the +0 robe "Dodo" {Str+3} (You bought it in a
                  | shop on level 6 of the Dungeon)
  6023 | D:6      | Found a staircase to the Ecumenical Temple.
  6063 | Temple   | Found a transporter.
  6063 | Temple   | Found a transporter.
  6063 | Temple   | Found a transporter.
  6063 | Temple   | Found a transporter.
  6063 | Temple   | Entered the Ecumenical Temple
  6079 | Temple   | Became a worshipper of Cheibriados the Contemplative
  6678 | D:6      | Reached skill level 5 in Fighting
  7050 | D:7      | Reached * piety under Cheibriados
  7152 | D:7      | Learned a level 4 spell: Olgreb's Toxic Radiance
  7528 | D:8      | Reached XP level 10. HP: 78/92 MP: 5/20
  7653 | D:8      | Reached skill level 5 in Alchemy
  7835 | D:8      | Reached ** piety under Cheibriados
  7936 | D:8      | Reached skill level 1 in Shields
  8059 | D:8      | Noticed Maggie
  8070 | D:8      | Killed Maggie
  8071 | D:8      | Reached skill level 5 in Stealth
  8101 | D:8      | Found a runed translucent gate.
  8101 | D:8      | Found a runed translucent gate.
  8101 | D:8      | Noticed a ten-headed hydra
  8111 | D:8      | Noticed hattey's ghost (novice HuWn)
  8113 | D:8      | Found a runed translucent gate.
  8162 | D:8      | Found a staircase to the Lair.
  8350 | D:9      | Found a staircase to the Orcish Mines.
  8386 | D:9      | Noticed Erolcha
  8419 | Lair:1   | Entered Level 1 of the Lair of Beasts
  8419 | Lair:1   | Noticed a cane toad
  8426 | Lair:1   | Reached *** piety under Cheibriados
  8428 | Lair:1   | Killed a cane toad
  8449 | Lair:1   | Reached skill level 5 in Shields
  8449 | Lair:1   | Reached XP level 11. HP: 77/103 MP: 1/23
  8552 | Lair:1   | Learned a level 2 spell: Searing Ray
  8638 | Lair:1   | Reached **** piety under Cheibriados
  8642 | Lair:1   | Reached skill level 1 in Invocations
  8712 | Lair:1   | Found the +16 obsidian axe {drain, demonic, Mesm ^Drain Fly
                  | SInv}
  8812 | Lair:1   | Reached skill level 5 in Invocations
  8817 | Lair:1   | Found a dark tunnel.
  8827 | Volcano  | Entered a volcano
  8970 | Volcano  | Noticed a salamander
  8970 | Volcano  | Noticed a salamander
  8976 | Volcano  | Killed a salamander
  8983 | Volcano  | Killed a salamander
  9093 | Volcano  | Noticed a salamander
  9101 | Volcano  | Noticed a two-headed ogre
  9106 | Volcano  | Killed a salamander
  9106 | Volcano  | Killed a two-headed ogre
  9107 | Volcano  | Reached XP level 12. HP: 95/112 MP: 7/24
  9626 | Lair:1   | Reached ***** piety under Cheibriados
 10131 | Lair:2   | Reached skill level 10 in Spellcasting
 10501 | Lair:2   | Found a transporter.
 10503 | Lair:2   | Found a transporter.
 10504 | Lair:2   | Noticed hitsuchi's ghost (journeyman MDMo)
 10513 | Lair:2   | Learned a level 5 spell: Freezing Cloud
 10518 | Lair:2   | Learned a level 4 spell: Ignite Poison
 10594 | Lair:2   | Found a bloodstained altar of Trog.
 10841 | Lair:2   | Killed hitsuchi's ghost
 10942 | Lair:3   | Noticed a skyshark
 10949 | Lair:3   | Killed a skyshark
 10978 | Lair:3   | Reached skill level 1 in Fire Magic
 11008 | Lair:3   | Reached skill level 10 in Fighting
 11031 | Lair:3   | Noticed an eight-headed hydra
 11044 | Lair:3   | Killed an eight-headed hydra
 11045 | Lair:3   | Gained mutation: You can use your snake-like lower body to
                  | constrict enemies. [Naga growth]
 11045 | Lair:3   | Reached XP level 13. HP: 113/123 MP: 8/27
 11061 | Lair:3   | Reached skill level 5 in Ice Magic
 11124 | Lair:3   | Reached ****** piety under Cheibriados
 11478 | Lair:3   | Found a staircase to the Shoals.
 11719 | Lair:3   | Found a hole to the Spider Nest.
 12066 | D:6      | Bought a shiny barding for 728 gold pieces
 12181 | D:8      | Killed hattey's ghost
 12190 | D:8      | Identified the +4 scimitar "Michom" {freeze, ^Drain rElec
                  | rN+ rCorr}
 12560 | Lair:4   | Noticed waddelsworth's ghost (journeyman TrSh)
 12620 | Lair:4   | Found a runed translucent gate.
 12620 | Lair:4   | Found a runed translucent gate.
 12620 | Lair:4   | Found a runed translucent gate.
 12676 | Lair:4   | Killed waddelsworth's ghost
 12757 | Lair:4   | Got the ring "Atoraxipn" {Fire Str+5 Int-3 Slay+3}
 12944 | Lair:4   | Reached skill level 5 in Conjurations
 13526 | Lair:5   | Entered Level 5 of the Lair of Beasts
 13573 | Lair:5   | Reached XP level 14. HP: 133/133 MP: 3/29
 13721 | Lair:5   | Reached skill level 5 in Air Magic
 14037 | Lair:5   | Found a staircase to the Slime Pits.
 14038 | Lair:5   | Found a viscous altar of Jiyva.
 14439 | Lair:5   | Found a burning altar of Makhleb.
 14469 | Lair:5   | Found a gateway to Hell.
 14709 | Spider:1 | Entered Level 1 of the Spider Nest
 14846 | Spider:1 | Reached skill level 5 in Fire Magic
 14847 | Spider:1 | Reached skill level 10 in Shields
 15105 | Spider:1 | Reached XP level 15. HP: 142/142 MP: 30/30
 15386 | Spider:1 | Noticed a ghost moth
 15395 | Spider:1 | Killed a ghost moth
 16025 | Spider:2 | Learned a level 4 spell: Dispel Undead
 16040 | Spider:2 | Noticed a ghost moth
 16042 | Spider:2 | Noticed an emperor scorpion
 16114 | Spider:2 | You fall into a shaft and drop 1 floor!
 16265 | Spider:3 | Noticed an emperor scorpion
 16296 | Spider:3 | Noticed a ghost moth
 16317 | Spider:3 | Killed a ghost moth
 16809 | D:9      | Killed Erolcha
 17094 | D:9      | You fall into a shaft and drop 3 floors!
 17242 | D:12     | Found a transporter.
 17246 | D:12     | Noticed a tengu reaver
 17247 | D:12     | Noticed Wonecvov's ghost (journeyman DsBe)
 17306 | D:12     | Found a transporter.
 17393 | D:11     | Reached XP level 16. HP: 142/152 MP: 31/31
 17504 | D:11     | Reached skill level 1 in Necromancy
 17529 | D:11     | Identified the +3 orcbow "Orb Guardian's Regret" {heavy,
                  | rN+ rCorr Stlth+}
 17536 | D:11     | Reached skill level 1 in Axes
 17624 | D:11     | Found a frozen archway.
 17631 | IceCv    | Entered an ice cave
 17675 | IceCv    | Learned a level 6 spell: Starburst
 18199 | D:11     | Identified the staff of the Unliving {rC+ Will+ Str+5 Ice}
 18275 | D:11     | Identified the granite talisman of Seapp {Will+ Int+5
                  | Dex+2}
 18897 | D:10     | Entered Level 10 of the Dungeon
 19841 | D:10     | Found an iron altar of Okawaru.
 19841 | D:10     | Found a shimmering altar of Xom.
 20095 | D:12     | Noticed Nergalle
 20106 | D:12     | Killed Nergalle
 20203 | D:12     | Found a stormy altar of Qazlal.
 20496 | D:12     | Killed a tengu reaver
 20498 | D:12     | Killed Wonecvov's ghost
 20591 | D:13     | Found Ulidd's Vocational Training.
 20691 | D:13     | Bought a manual of Invocations for 1200 gold pieces
 20868 | D:13     | Reached XP level 17. HP: 159/159 MP: 23/33
 21526 | D:14     | Found a gate to the Vaults.
 21720 | D:14     | Found a runed translucent door.
 22020 | D:14     | Found Yterr's Armour Emporium.
 22177 | D:14     | Noticed a tentacled monstrosity
 22188 | D:14     | Killed a tentacled monstrosity
 22384 | D:15     | Entered Level 15 of the Dungeon
 22585 | D:15     | Reached skill level 5 in Necromancy
 22664 | D:15     | Reached skill level 10 in Conjurations
 23004 | D:15     | Found a staircase to the Depths.
 23031 | D:15     | Learned a level 5 spell: Yara's Violent Unravelling
 23920 | Spider:3 | Reached skill level 5 in Axes
 24087 | Spider:4 | Entered Level 4 of the Spider Nest
 24138 | Spider:4 | Reached skill level 1 in Throwing
 24156 | Spider:4 | Reached skill level 1 in Earth Magic
 24167 | Spider:4 | Reached skill level 1 in Hexes
 24344 | Spider:4 | Reached skill level 10 in Invocations
 24515 | Spider:4 | Reached XP level 18. HP: 168/168 MP: 23/35
 24850 | Spider:4 | Got a gossamer rune of Zot
 25074 | Shoals:1 | Entered Level 1 of the Shoals
 25957 | Shoals:2 | Noticed Polyphemus
 25964 | Shoals:2 | Killed Polyphemus
 26318 | Shoals:3 | Reached skill level 5 in Dodging
 26713 | Shoals:3 | Found Ukuijon's Antique Weapon Emporium.
 26932 | Shoals:4 | Entered Level 4 of the Shoals
 27005 | Shoals:4 | Found the +8 demon blade "Leech" {evervamp, Harm ^Drain
                  | rN+}
 27188 | Shoals:4 | Reached XP level 19. HP: 152/176 MP: 23/37
 27648 | Shoals:4 | Got a barnacled rune of Zot
 27878 | Orc:1    | Entered Level 1 of the Orcish Mines
 28020 | Orc:2    | Entered Level 2 of the Orcish Mines
 28020 | Orc:2    | Found a staircase to the Elven Halls.
 28130 | Orc:2    | Found Kumat's Assorted Antiques.
 28205 | Orc:2    | Bought a potion of enlightenment for 120 gold pieces
 28205 | Orc:2    | Bought a scroll of teleportation for 72 gold pieces
 28216 | Orc:2    | Found a burning altar of Makhleb.
 28759 | Orc:2    | Found Rynut's Distillery.
 28760 | Orc:2    | Found Inlayt's Distillery.
 28800 | Orc:2    | Bought a potion of cancellation for 120 gold pieces
 28800 | Orc:2    | Bought a potion of curing for 45 gold pieces
 28800 | Orc:2    | Bought a potion of resistance for 150 gold pieces
 28807 | Orc:2    | Bought a potion of heal wounds for 55 gold pieces
 28807 | Orc:2    | Bought a potion of brilliance for 44 gold pieces
 28807 | Orc:2    | Bought a potion of resistance for 110 gold pieces
 28807 | Orc:2    | Bought a potion of magic for 88 gold pieces
 28807 | Orc:2    | Bought a potion of curing for 33 gold pieces
 29126 | Orc:2    | Found Haupaes's Antique Armour Shop.
 29126 | Orc:2    | Found Obiycyny's Jewellery Boutique.
 29127 | Orc:2    | Found a one-way gate leading to the halls of Pandemonium.
 29200 | Elf:1    | Entered Level 1 of the Elven Halls
 29232 | Elf:1    | Paralysed by an air elemental for 1 turns
 29248 | Elf:1    | Found a transporter.
 29277 | Elf:1    | Noticed Ironuh's ghost (adept MDMo)
 29298 | Elf:1    | Reached skill level 1 in Shapeshifting
 29302 | Elf:1    | Found a transporter.
 29606 | Elf:1    | Noticed Asterion
 29619 | Elf:1    | Killed Asterion
 30165 | Elf:1    | Reached skill level 5 in Shapeshifting
 30211 | Elf:1    | Got the Compendium of Unified Destruction
 30240 | Elf:1    | Found Kaelur's Armour Emporium.
 30367 | Elf:1    | Killed Ironuh's ghost
 30398 | Elf:1    | Identified the ring "Vagrik" {rF- Will+ rCorr MP+9 Dex+4}
 30589 | Vaults:1 | Entered Level 1 of the Vaults
 30964 | Vaults:1 | Reached XP level 20. HP: 169/177 MP: 38/38
 31193 | Vaults:1 | Paralysed by a formless jellyfish for 1 turns
 31618 | Vaults:1 | Reached skill level 10 in Shapeshifting
 32095 | Orc:2    | Bought the ring "Samugh" {rF++ rC+ MP-9 Int+6} for 826 gold
                  | pieces
 32361 | Vaults:1 | Noticed Donald
 32369 | Vaults:1 | Killed Donald
 33311 | Vaults:2 | Reached XP level 21. HP: 138/194 MP: 22/39
 33625 | Vaults:2 | Found a staircase to the Crypt.
 34366 | Vaults:3 | Reached skill level 15 in Shapeshifting
 35151 | Vaults:4 | Found a glowing silver altar of Zin.
 35694 | Vaults:4 | Reached XP level 22. HP: 201/201 MP: 33/40
 35917 | Vaults:4 | Reached skill level 10 in Axes
 36542 | Elf:2    | Reached skill level 15 in Shields
 36692 | Elf:2    | Reached skill level 5 in Hexes
 36848 | Elf:2    | Identified the +0 leather armour of Submission {Stlth+}
 36977 | Elf:2    | Found a runed translucent gate.
 36977 | Elf:2    | Found a runed translucent gate.
 36978 | Elf:2    | Found a runed translucent gate.
 37129 | Elf:2    | Reached skill level 5 in Earth Magic
 37539 | Elf:3    | Entered Level 3 of the Elven Halls
 37699 | Elf:3    | Identified the +5 great mace "Demonslayer" {speed, rElec
                  | rPois}
 37699 | Elf:3    | Identified the ring of Xom's Capriciousness {rC+ Will-
                  | Int+6 Dex+3}
 37707 | Elf:3    | Paralysed by an air elemental for 1 turns
 37712 | Elf:3    | Paralysed by an air elemental for 1 turns
 37737 | Elf:3    | Identified the ring "Kiytriyd" {rN+ Will+ Dex+2}
 37757 | Elf:3    | Reached skill level 10 in Fire Magic
 37875 | Elf:3    | Identified the +3 war axe "Veruntoe" {heavy, Str+4}
 37875 | Elf:3    | Identified the orb of the Louse {mayhem, rC- Will+++ rCorr
                  | Dex-2}
 37907 | Elf:3    | Identified the ring "Yclawux" {Fire Str+3 Slay+3}
 37916 | Elf:3    | Identified the +4 broad axe of Honour {vamp, Will++ rCorr
                  | Str-3 Stlth+}
 37920 | Elf:3    | Reached XP level 23. HP: 210/210 MP: 32/41
 38412 | Elf:3    | Identified the staff of the Threshing Gods {Str+4 Stlth+
                  | Conj Fire}
 38692 | D:6      | Bought a distressingly furry leather armour for 196 gold
                  | pieces
 38692 | D:6      | Identified the +0 leather armour of Honour {Rampage +Blink
                  | Regen+ Dex-5} (You bought it in a shop on level 6 of the
                  | Dungeon)
 38955 | Crypt:1  | Entered Level 1 of the Crypt
 39083 | Crypt:1  | Reached skill level 5 in Armour
 40397 | Crypt:3  | Entered Level 3 of the Crypt
 40585 | Crypt:3  | Reached skill level 5 in Summonings
 40802 | Crypt:3  | Found the +18 Lear's hauberk
 40818 | Crypt:3  | Identified the staff of the Elven Halls {rElec rF+ rC++
                  | Dex+3 Hexes Fire}
 40894 | Crypt:3  | Identified the ring of Ysaet {Ice Int+5}
 40894 | Crypt:3  | Noticed Josephina
 40901 | Crypt:3  | Killed Josephina
 40933 | Crypt:3  | Identified the ring "Yczaqo" {rF+ rN++ Slay+2}
 40933 | Crypt:3  | Identified the ring "Cuopruf" {Fire rN++ Int+2 Dex+4}
 41062 | Crypt:3  | Identified the +4 dagger of Evil {flame, rF+ Int+5}
 41181 | Crypt:3  | Found the +8 Wrath of Trog {antimagic, *Rage Rampage}
 41211 | Crypt:3  | Identified the +4 robe "Livvorph" {SInv}
 41211 | Crypt:3  | Noticed Boris
 41371 | Crypt:3  | Killed Boris
 41419 | Crypt:3  | Found a staircase to the Tomb.
 41419 | Crypt:3  | Noticed an ancient lich
 41424 | Crypt:3  | Killed an ancient lich
 41541 | Crypt:3  | Found an ancient bone altar of Kikubaaqudgha.
 41563 | Crypt:3  | Found the +8 Vampire's Tooth {megavamp}
 42212 | Vaults:5 | Entered Level 5 of the Vaults
 42217 | Vaults:5 | Reached XP level 24. HP: 220/220 MP: 30/41
 42293 | Vaults:5 | Noticed Xtahua
 42297 | Vaults:5 | Noticed an ancient lich
 42306 | Vaults:4 | Killed Xtahua
 42403 | Vaults:5 | Killed an ancient lich
 42410 | Vaults:5 | Identified the ring "Sasuagipp" {rN+ MP+9 Int+3 Slay+4}
 42413 | Vaults:5 | Noticed a dread lich
 42418 | Vaults:5 | Noticed a dread lich
 42487 | Vaults:5 | Killed a dread lich
 42525 | Vaults:5 | Noticed a dread lich
 42532 | Vaults:5 | Identified the +1 orcbow "Ymnearyr" {heavy, rPois Will+}
 42533 | Vaults:5 | Killed a dread lich
 42574 | Vaults:5 | Noticed a dread lich
 42575 | Vaults:5 | Noticed Saint Roka
 42582 | Vaults:5 | Killed a dread lich
 42586 | Vaults:4 | Killed Saint Roka
 42633 | Vaults:5 | Killed a dread lich
 42682 | Vaults:5 | Identified the +5 ring mail of Lies {MP+9 Dex+3}
 42825 | Vaults:5 | Identified the +3 trident "Duokluss" {venom, Dex+6}
 42999 | Vaults:5 | Noticed Sojobo
 43002 | Vaults:5 | Reached XP level 25. HP: 197/197 MP: 41/41
 43009 | Vaults:5 | Paralysed by an air elemental for 1 turns
 43011 | Vaults:5 | Killed Sojobo
 43226 | Vaults:5 | Found the +3 giant club "Skullcrusher" {speed, Str+7}
 43246 | Vaults:5 | Learned a level 8 spell: Ignition
 43248 | Vaults:5 | Got a silver rune of Zot
 43250 | Vaults:5 | Identified the scarf of Enuigumn {rC+ rF+, Rampage *Slow
                  | rElec Regen+}
 43564 | Vaults:5 | Got Plog's Treatise on the Concerted Blizzard
 44282 | Slime:1  | Entered Level 1 of the Pits of Slime
 45723 | Slime:5  | Entered Level 5 of the Pits of Slime
 46311 | Slime:5  | Noticed the Royal Jelly
 46314 | Slime:5  | Found a viscous altar of Jiyva.
 46319 | Slime:5  | Killed the Royal Jelly
 46361 | Slime:5  | Found the +5 glaive of the Guard {elec, spectral}
 46401 | Slime:5  | Got a slimy rune of Zot
 46404 | Slime:5  | Identified the ring of Gozag's Hope {Int+4 Dex+6 Slay+3}
 46411 | Slime:5  | Identified the staff "Embalmer" {rN+ MP+9 Int+3 Dex-3
                  | Necro}
 46413 | Slime:5  | Identified the +0 ring mail of the Turtle {rN+ Will+ Str-4
                  | Dex+3}
 46414 | Slime:5  | Identified the +0 robe of Gozag's Whim {SInv Stlth+}
 46433 | Slime:5  | Identified the +9 scale mail of the Curious Ziggurats
                  | {rPois Regen+ MP-9 Dex-2}
 46441 | Slime:5  | Got Ruejohid's Essays on Tephra and the Autopsy
 46923 | Depths:1 | Entered Level 1 of the Depths
 47145 | Depths:1 | Found an ornate altar of the Wu Jian Council.
 47307 | Depths:1 | Found a basalt altar of Yredelemnul.
 47635 | Depths:2 | Reached XP level 26. HP: 236/236 MP: 30/41
 48413 | Depths:3 | Found a one-way gate to the infinite horrors of the Abyss.
 48533 | Depths:3 | Found a one-way gateway to a ziggurat.
 49022 | Depths:4 | Entered Level 4 of the Depths
 49158 | Depths:4 | Reached skill level 15 in Fire Magic
 49591 | Depths:4 | Found a gate to the Realm of Zot.
 50742 | Tomb:1   | Entered Level 1 of the Tomb of the Ancients
 51071 | Tomb:1   | Identified the +1 plate armour "Boemyng" {-Cast rElec
                  | Will++ SInv}
 51232 | Tomb:1   | Noticed a royal mummy
 51241 | Tomb:1   | Killed a royal mummy
 51447 | Tomb:2   | Noticed a royal mummy
 51447 | Tomb:2   | Noticed a royal mummy
 51447 | Tomb:2   | Noticed a royal mummy
 51447 | Tomb:2   | Noticed a royal mummy
 51455 | Tomb:2   | Killed a royal mummy
 51456 | Tomb:2   | Reached XP level 27. HP: 184/243 MP: 20/41
 51456 | Tomb:2   | Killed a royal mummy
 51456 | Tomb:2   | Killed a royal mummy
 51456 | Tomb:2   | Killed a royal mummy
 51683 | Tomb:2   | Identified the +0 robe of the Devil's Team {rPois rCorr
                  | Str-5}
 51792 | Tomb:1   | Noticed a royal mummy
 51792 | Tomb:1   | Noticed a royal mummy
 51793 | Tomb:1   | Noticed a royal mummy
 51795 | Tomb:1   | Noticed a royal mummy
 51796 | Tomb:1   | Noticed a royal mummy
 51797 | Tomb:1   | Killed a royal mummy
 51799 | Tomb:1   | Killed a royal mummy
 51799 | Tomb:1   | Killed a royal mummy
 51799 | Tomb:1   | Killed a royal mummy
 51799 | Tomb:1   | Noticed a royal mummy
 51801 | Tomb:1   | Killed a royal mummy
 51809 | Tomb:1   | Killed a royal mummy
 51813 | Tomb:1   | Noticed a royal mummy
 51817 | Tomb:1   | Killed a royal mummy
 51857 | Tomb:1   | Noticed a royal mummy
 51858 | Tomb:1   | Noticed a royal mummy
 51864 | Tomb:1   | Killed a royal mummy
 51870 | Tomb:1   | Killed a royal mummy
 51885 | Tomb:1   | Noticed a royal mummy
 51892 | Tomb:1   | Killed a royal mummy
 51893 | Tomb:1   | Reached skill level 15 in Spellcasting
 51919 | Tomb:1   | Noticed a royal mummy
 51926 | Tomb:1   | Killed a royal mummy
 51940 | Tomb:1   | Noticed a royal mummy
 51941 | Tomb:1   | Noticed a royal mummy
 51945 | Tomb:1   | Noticed a royal mummy
 51947 | Tomb:1   | Killed a royal mummy
 51949 | Tomb:1   | Noticed a royal mummy
 51952 | Tomb:1   | Killed a royal mummy
 51952 | Tomb:1   | Killed a royal mummy
 51952 | Tomb:1   | Killed a royal mummy
 52105 | Tomb:3   | Entered Level 3 of the Tomb of the Ancients
 52114 | Tomb:3   | Noticed a royal mummy
 52124 | Tomb:3   | Noticed a royal mummy
 52125 | Tomb:3   | Noticed a royal mummy
 52125 | Tomb:3   | Noticed a royal mummy
 52126 | Tomb:3   | Identified the +3 robe "Naguq" {Dex+3}
 52128 | Tomb:3   | Found the +0 mask of the Dragon {Will+ Slay+3 SInv}
 52128 | Tomb:3   | Noticed a royal mummy
 52132 | Tomb:3   | Noticed a royal mummy
 52135 | Tomb:3   | Noticed a royal mummy
 52136 | Tomb:3   | Noticed a royal mummy
 52137 | Tomb:3   | Noticed a royal mummy
 52677 | Zot:1    | Entered Level 1 of the Realm of Zot
 52686 | Zot:1    | Noticed Vv
 52694 | Zot:1    | Killed Vv
 54345 | Zot:1    | Learned a level 7 spell: Spellforged Servitor
 54354 | Zot:1    | Learned a level 8 spell: Lehudib's Crystal Spear
 54535 | Zot:2    | You fall into a shaft and drop 1 floor!
 54790 | Zot:3    | Reached skill level 10 in Earth Magic
 57819 | Tomb:3   | Killed a royal mummy
 57819 | Tomb:3   | Killed a royal mummy
 57823 | Tomb:3   | Killed a royal mummy
 57827 | Tomb:3   | Killed a royal mummy
 57828 | Tomb:3   | Reached skill level 15 in Earth Magic
 57829 | Tomb:3   | Killed a royal mummy
 57830 | Tomb:3   | Killed a royal mummy
 57841 | Tomb:3   | Killed a royal mummy
 57844 | Tomb:3   | Killed a royal mummy
 57854 | Tomb:3   | Killed a royal mummy
 57932 | Tomb:3   | Identified the +1 ring mail of Zuthrar {+Blink}
 57996 | Tomb:3   | Got Sif Muna's Cyclopedia of Dead Nonlocality
 58123 | Tomb:3   | Identified the +0 robe "Olops" {-Tele rPois rF- MP+9}
 58124 | Tomb:3   | Identified the ring "Yxkanyit" {rF++ AC+4 Int+3}
 58128 | Tomb:3   | Identified the +0 chain mail "Puawk" {Rampage Fly rPois}
 58129 | Tomb:3   | Identified the amulet "Joigycw" {*Corrode Will++ RegenMP+
                  | SInv}
 58133 | Tomb:3   | Got Ruatoh's Book of Malediction and Accompaniment
 58143 | Tomb:3   | Identified the +11 trident of Meogimm {flame, Int+4}
 58153 | Tomb:3   | Identified the +2 short sword "Inuung" {flame, rF+}
 58154 | Tomb:3   | Identified the ring "Gaseach" {Ice Stlth+}
 58159 | Tomb:3   | Identified the +9 rapier of the Tired Visions {freeze,
                  | ^Drain Will- Str+4 Int+5}
 58161 | Tomb:3   | Identified the amulet of Utwut {Reflect rElec Int+5 Dex+3
                  | SH+5}
 58228 | Tomb:3   | Got a golden rune of Zot
 59061 | Zot:4    | Noticed an orb of fire
 59121 | Zot:4    | Killed an orb of fire
 59311 | Zot:4    | Identified the +4 ring mail of Card Tricks {Stlth+}
 60273 | Hell     | Entered the Vestibule of Hell
 60273 | Hell     | Noticed Geryon
 60289 | Hell     | Killed Geryon
 60416 | Hell     | Found a gateway to the Iron City of Dis.
 60595 | Hell     | Found a gateway to the ashen valley of Gehenna.
 60701 | Hell     | Found a gateway to the decaying netherworld of Tartarus.
 60731 | Hell     | Reached skill level 15 in Conjurations
 60834 | Hell     | Paralysed by a wendigo for 1 turns
 60837 | Hell     | Paralysed by a wendigo for 1 turns
 60842 | Hell     | Found a gateway to the freezing wastes of Cocytus.
 60906 | Coc:1    | Entered Level 1 of Cocytus
 61900 | Coc:5    | Reached skill level 10 in Summonings
 62327 | Coc:7    | Entered Level 7 of Cocytus
 62605 | Coc:7    | Paralysed by a wendigo for 1 turns
 62607 | Coc:7    | Paralysed by a wendigo for 1 turns
 62672 | Coc:7    | Paralysed by a wendigo for 1 turns
 62684 | Coc:7    | Noticed a dread lich
 62703 | Coc:7    | Killed a dread lich
 62767 | Coc:7    | Reached skill level 15 in Fighting
 62783 | Coc:7    | Reached skill level 15 in Axes
 63086 | Coc:7    | Identified the +6 falchion "Jellybane" {flame, Dex+4}
 63086 | Coc:7    | Identified the amulet of Remnet {Spirit ^Drain rCorr Int+8}
 63086 | Coc:7    | Noticed Antaeus
 63224 | Coc:7    | Killed Antaeus
 63232 | Coc:7    | Got an icy rune of Zot
 63273 | Coc:7    | Identified the +2 scale mail of Action {Will+ Int+4 Dex+2}
 63544 | Zig:1    | Entered Level 1 of a ziggurat
 63577 | Zig:2    | Entered Level 2 of a ziggurat
 63578 | Zig:2    | Noticed Iddodda the pandemonium lord
 63662 | Zig:1    | Entered Level 1 of a ziggurat
 63681 | Zig:2    | Entered Level 2 of a ziggurat
 63698 | Zig:2    | Identified the ring "Hucwusac" {Int+6 Dex+5}
 63705 | Zig:3    | Entered Level 3 of a ziggurat
 63737 | Zig:4    | Entered Level 4 of a ziggurat
 63739 | Zig:4    | Found the +18 shield of the Gong {Loud rN+ Will+ rCorr
                  | EV-5}
 63768 | Zig:5    | Entered Level 5 of a ziggurat
 63792 | Zig:5    | Identified the ring of Qyerety {rN+ Int+3 Dex+9 Stlth-}
 63812 | Zig:6    | Entered Level 6 of a ziggurat
 63831 | Zig:6    | Identified the +2 scimitar of the Disturbing Beds {freeze,
                  | rElec rF+ Stlth+}
 63843 | Zig:7    | Entered Level 7 of a ziggurat
 63849 | Zig:7    | Noticed a royal mummy
 63855 | Zig:7    | Killed a royal mummy
 63896 | Zig:8    | Entered Level 8 of a ziggurat
 63911 | Zig:8    | Found the +6 lightning scales {swift, rElec}
 63917 | Zig:8    | Identified the +1 dagger "Foiph" {freeze, rPois rC+ rCorr
                  | Str-3}
 63964 | Zig:8    | Identified the +3 trident "Banlecro" {flame, rN+ rCorr
                  | Str-3 Int+4}
 63970 | Zig:8    | Identified the +4 hand axe of Precise Incision {freeze,
                  | Int+2}
 63971 | Zig:8    | Identified the ring "Nucw" {Int+6 Dex+3}
 63986 | Zig:9    | Entered Level 9 of a ziggurat
 64010 | Zig:9    | Identified the staff "Apnunasu" {Fly Ice Earth}
 64017 | Zig:9    | Identified the +2 battleaxe "Turhuwu" {holy, *Noise Fly
                  | Int+3 Stlth+}
 64026 | Zig:9    | Identified the ring of Guoraom {rElec rPois rN+ Will+++
                  | Dex-4}
 64031 | Zig:10   | Entered Level 10 of a ziggurat
 64051 | Zig:10   | Identified the staff of Premature Burial {rPois rF+ Will+
                  | Dex-2 Alchemy}
 64115 | Zig:11   | Entered Level 11 of a ziggurat
 64256 | Geh:1    | Entered Level 1 of Gehenna
 64273 | Geh:1    | You fall into a shaft and drop 1 floor!
 64828 | Geh:4    | Reached skill level 10 in Dodging
 65469 | Geh:7    | Entered Level 7 of Gehenna
 65859 | Geh:7    | Identified the +4 robe of Qipasah {rC+ Dex+3}
 66039 | Geh:7    | Found the +13 sceptre of Asmodeus
 66039 | Geh:7    | Noticed Asmodeus
 66049 | Geh:7    | Killed Asmodeus
 66086 | Geh:7    | Learned a level 2 spell: Lesser Beckoning
 66095 | Geh:7    | Got an obsidian rune of Zot
 66102 | Geh:7    | Identified the +4 war axe "Juvatiom" {flame, rF+ Stlth+}
 66364 | Geh:7    | Identified the +2 plate armour of Catir {rC+ Regen+ Dex+3}
 66377 | Geh:7    | Identified the +2 ring mail "Beasirut" {Will+ Dex+7}
 67029 | Tar:1    | Entered Level 1 of Tartarus
 67623 | Tar:3    | Reached skill level 10 in Stealth
 68250 | Tar:5    | Found a runed translucent door.
 68272 | Tar:5    | You fall into a shaft and drop 1 floor!
 68588 | Tar:7    | Entered Level 7 of Tartarus
 69509 | Tar:7    | Identified the +0 cloak of Abstinence {Will+}
 69535 | Tar:7    | Identified the +2 battleaxe of Susewin {pain, rElec rPois
                  | Stlth-}
 69548 | Tar:7    | Identified the +6 lajatang "Ceugob" {drain, Fly Dex+3}
 70038 | Tar:7    | Identified the +3 war axe of the Hero {freeze, Dex+5}
 71049 | Tar:7    | Noticed Ereshkigal
 71062 | Tar:7    | Killed Ereshkigal
 71076 | Tar:7    | Got a bone rune of Zot
 71298 | Dis:1    | Entered Level 1 of the Iron City of Dis
 71518 | Dis:1    | Reached skill level 15 in Stealth
 71992 | Depths:3 | Voluntarily entered the Abyss.
 71997 | Abyss:1  | Found a corrupted altar of Lugonu.
 72259 | Abyss:1  | Found a corrupted altar of Lugonu.
 72552 | Abyss:2  | Paralysed by accursed screaming for 1 turns
 72682 | Abyss:4  | Found a corrupted altar of Lugonu.
 72848 | Abyss:4  | Reached skill level 27 in Shields
 72865 | Abyss:5  | Found a corrupted altar of Lugonu.
 72865 | Abyss:5  | Found a corrupted altar of Lugonu.
 72882 | Abyss:5  | Found a corrupted altar of Lugonu.
 72887 | Abyss:5  | Paralysed by accursed screaming for 1 turns
 72993 | Abyss:5  | Found a glowing golden altar of the Shining One.
 73023 | Abyss:5  | Noticed a juggernaut
 73029 | Abyss:5  | Killed a juggernaut
 73032 | Abyss:5  | Got an abyssal rune of Zot
 73039 | Depths:3 | Escaped the Abyss
 73405 | Pan      | Entered Pandemonium
 73432 | Pan      | Noticed Oshaguom the pandemonium lord
 73439 | Pan      | Killed Oshaguom the pandemonium lord
 73517 | Pan      | Noticed Asaucs the pandemonium lord
 73528 | Pan      | Killed Asaucs the pandemonium lord
 73580 | Pan      | Noticed Kyvesh the pandemonium lord
 73586 | Pan      | Killed Kyvesh the pandemonium lord
 73620 | Pan      | Got a demonic rune of Zot
 73624 | Pan      | Identified the staff "Uliamn" {rElec Fire Ice Air}
 73634 | Pan      | Identified the +3 scale mail "Etauschu" {rC+ Int+4}
 73865 | Pan      | Entered the realm of Gloorx Vloq.
 74071 | Pan      | Noticed Gloorx Vloq
 74121 | Pan      | Killed Gloorx Vloq
 74136 | Pan      | Got a dark rune of Zot
 74219 | Pan      | Found an exit through the horrors of the Abyss.
 74274 | Pan      | Entered the realm of Cerebov.
 74389 | Pan      | Identified the +5 glaive of Destiny {flame, rF+ SInv}
 74451 | Pan      | Learned a level 7 spell: Orb of Destruction
 74453 | Pan      | Identified the ring "Siqujol" {Fire rElec rPois Str+4}
 74569 | Pan      | Found the +6 sword of Cerebov {flame}
 74569 | Pan      | Noticed Cerebov
 74655 | Pan      | Identified the staff "Xuishem" {rElec rC- Dex+3 Conj Earth}
 74661 | Pan      | Identified the +4 whip "Fotati" {flame, Dex+5}
 74796 | Pan      | Identified the +9 shortbow of Valour {drain, rPois Int-2
                  | Dex+4}
 74911 | Pan      | Identified the +11 demon trident "Nirghauha" {heavy, +Blink
                  | rElec}
 75046 | Pan      | Killed Cerebov
 75071 | Pan      | Identified the +3 arbalest "Wejom" {freeze, ^Contam rPois
                  | rF++ Int-5}
 75153 | Pan      | Got a fiery rune of Zot
 75265 | Pan      | Entered the realm of Lom Lobon.
 75265 | Pan      | Noticed Lom Lobon
 75304 | Pan      | Identified the +2 scale mail of Incorporation {+Inv Fly
                  | rPois Stlth-}
 75344 | Pan      | Found an exit through the horrors of the Abyss.
 75613 | Pan      | Killed Lom Lobon
 75660 | Pan      | Got a magical rune of Zot
 75806 | Pan      | Found an exit through the horrors of the Abyss.
 76086 | Pan      | Noticed Feygezxexku the pandemonium lord
 76095 | Pan      | Killed Feygezxexku the pandemonium lord
 76131 | Pan      | Entered the realm of Mnoleg.
 76152 | Pan      | Noticed Mnoleg
 76256 | Pan      | Killed Mnoleg
 76272 | Pan      | Got a glowing rune of Zot
 76303 | Pan      | Identified the +8 long sword of the Harvest {freeze, rC+
                  | MP+9}
 76327 | Pan      | Found an exit through the horrors of the Abyss.
 76352 | Pan      | Identified a scroll of acquirement
 76359 | Pan      | Acquired 524 gold pieces
 76386 | Pan      | Took an exit into the Abyss.
 76386 | Abyss:5  | Escaped into the Abyss
 76387 | Abyss:5  | Found a corrupted altar of Lugonu.
 76396 | Abyss:5  | Found a corrupted altar of Lugonu.
 76429 | Depths:2 | Escaped the Abyss
 77084 | Dis:5    | Reached skill level 10 in Armour
 77219 | Dis:7    | Entered Level 7 of the Iron City of Dis
 77681 | Dis:7    | Reached skill level 15 in Dodging
 77957 | Dis:7    | Noticed a juggernaut
 77967 | Dis:7    | Killed a juggernaut
 77971 | Dis:7    | Reached skill level 27 in Fighting
 78486 | Dis:7    | Noticed a juggernaut
 78497 | Dis:7    | Killed a juggernaut
 78880 | Dis:7    | Noticed Dispater
 78883 | Dis:7    | Noticed a juggernaut
 78896 | Dis:7    | Killed a juggernaut
 78900 | Dis:7    | Killed Dispater
 78918 | Dis:7    | Got an iron rune of Zot
 78926 | Dis:7    | Identified the +4 battleaxe "Lareg" {drain, rElec rN+ Int+4
                  | Dex-3}
 79327 | Zot:5    | Entered Level 5 of the Realm of Zot
 79796 | Zot:5    | Learned a level 9 spell: Shatter
 79864 | Zot:5    | Noticed an ancient lich
 79865 | Zot:5    | Noticed an orb of fire
 79876 | Zot:5    | Killed an orb of fire
 79880 | Zot:5    | Killed an ancient lich
 79883 | Zot:5    | Noticed an orb of fire
 79892 | Zot:5    | Killed an orb of fire
 79951 | Zot:5    | Noticed a dread lich
 79959 | Zot:5    | Killed a dread lich
 79968 | Zot:5    | Noticed a dread lich
 79973 | Zot:5    | Killed a dread lich
 79983 | Zot:5    | Noticed an orb of fire
 79985 | Zot:5    | Noticed an orb of fire
 79993 | Zot:5    | Killed an orb of fire
 80005 | Zot:5    | Killed an orb of fire
 80306 | Zot:5    | Got the Orb of Zot
 80642 | D:15     | Noticed Itodd the pandemonium lord
 80649 | D:15     | Killed Itodd the pandemonium lord
 81096 | D:$      | Escaped with the Orb!

Illustrated notes

Levels and vault maps discovered:
D:1:      dpeg_arrival_boxes_within_box, layout_loops_ring
D:2:      minmay_evil_eye, layout_basic, minmay_fractal_squares_gapless_5
D:3:      layout_basic, mainiacjoe_overflow_alcove_1, elyvilon_altar_5,
          gammafunk_ghost_arena, serial_bayou_pond_c, minmay_stone_trees_small,
          minmay_between, uniq_robin
D:4:      layout_gridville, ebering_ghost_gozag, uniq_ijyb, uniq_natasha,
          uniq_grinder
D:5:      corexii_shantytown, layout_loops_ring, tso_oasis_becter,
          grunt_decor_fettered, uniq_sigmund, uniq_eustachio
D:6:      layout_basic, minmay_temple_entry_large_hall, serial_shops,
          nicolae_shop_behind_doors, minivault_24
D:7:      layout_loops_ring
D:8:      layout_loops_ring, david_lair_shrubbed, gammafunk_ghost_hydra_chop,
          minmay_checkerbox, uniq_maggie
D:9:      layout_rooms, orc_0_dummy, uniq_erolcha
D:10:     layout_basic, nicolae_overflow_two_pavilions,
          chequers_serial_rivers_micro_d
D:11:     minmay_the_grid_square_5x5_5x5_mashed [minmay_the_grid_square_5x5_six,
          minmay_the_grid_square_5x5_inverted_slash,
          minmay_the_grid_square_5x5_longway, minmay_the_grid_square_5x5_plus,
          minmay_the_grid_square_5x5_seven, minmay_the_grid_square_5x5_inner_v,
          minmay_the_grid_square_5x5_prize_junk, minmay_the_grid_square_5x5_n,
          minmay_the_grid_square_5x5_prize_pseudospiral,
          minmay_the_grid_square_5x5_inner_i,
          minmay_the_grid_square_5x5_shuriken,
          minmay_the_grid_square_5x5_n_small,
          minmay_the_grid_square_5x5_prize_deathbox,
          minmay_the_grid_square_5x5_detours, minmay_the_grid_square_5x5_inset,
          minmay_the_grid_square_5x5_almost_minimal,
          minmay_the_grid_square_5x5_prize_rear_guard,
          minmay_the_grid_square_5x5_bracketed,
          minmay_the_grid_square_5x5_prize_itemx,
          minmay_the_grid_square_5x5_checkered,
          minmay_the_grid_square_5x5_spiral_small,
          minmay_the_grid_square_5x5_pentomino_r,
          minmay_the_grid_square_5x5_tie, minmay_the_grid_square_5x5_three,
          minmay_the_grid_square_5x5_fat_x], layout_irregular_city,
          portal_ice_cave_rime
D:12:     layout_irregular_city, gammafunk_ghost_arena,
          nicolae_qazlal_general_emergency, uniq_nergalle
D:13:     layout_gridville, nicolae_shop_vocational
D:14:     cheibrodos_body_horror, layout_basic, david_vaults_3, serial_shops,
          shop, grunt_ministairs_5
D:15:     grunt_enter_depths_snipers, layout_gridville, nrook_campfire,
          chequers_serial_rivers_small_a
Temple:   hellmonk_temple_divided_pantheon
Lair:1:   regret_index_malice_mire, layout_misc_corridors,
          nicolae_volcano_entry_batcave, dreamdust_deal_with_the_devil
Lair:2:   layout_regular_city, gammafunk_ghost_hive, basic_altar
Lair:3:   layout_regular_city, mainiacjoe_shoals_entry_four_pools,
          spider_nest_entry_funnel_web, serial_bayou_shore_a
Lair:4:   layout_cave_pods, gammafunk_ghost_icy, cheibrodos_lair_lostbears,
          grunt_megastairs_1
Lair:5:   evil_forest, layout_gridlike, nicolae_slime_entry_slimehenge
Shoals:1: layout_shoals
Shoals:2: layout_shoals, uniq_polyphemus
Shoals:3: nicolae_shoals_offshore_bank_account, layout_shoals, serial_shops,
          nicolae_shop_real_fake_doors
Shoals:4: shoals_end_hellmonk_lost_city
Spider:1: layout_spider_delve
Spider:2: layout_spider_delve
Spider:3: layout_spider_delve
Spider:4: spider_rune_water, einodemon_crawler_minivault
Slime:1:  layout_caves, cheibrodos_slime_lost_civilization_5
Slime:2:  layout_caves
Slime:3:  layout_caves, nicolae_slime_welcoming_committee
Slime:4:  layout_caves, nicolae_slime_rock_hall_of_fame
Slime:5:  slime_pit_nicolae_royal_road_to_ruin
Orc:1:    layout_diamond_mine, nicolae_orc_flooded_monolith, lightli_orcish_oven
Orc:2:    pf_orc_diabolical, layout_caves, serial_shops, shop, bloody_makhleb
Elf:1:    layout_loops_corners, gammafunk_ghost_berserking_beasts,
          minmay_elf_sorcery, minmay_shop_star, uniq_asterion
Elf:2:    elven_hall_of_blades_hangedman_original
          [nicolae_blade_entry_hurt_lockers], layout_onion_city,
          grunt_ministairs_6, amcnicky_mini_rare_corridor_liquid
Elf:3:    grunt_elf_hall_branching, layout_geoelf_grid, drop_trap
Vaults:1: nicolae_vaults_closet_pinwheel_2, nicolae_vaults_ninety_degrees,
          nicolae_vaults_variable_pillar_hall, st_lattice,
          nicolae_vaults_network_periphery, nicolae_vaults_heart-shaped_vault,
          nicolae_vaults_little_squares_2, nicolae_vaults_wine_cellar,
          vaults_room_grunt_arrival_ludios, layout_vaults_big_room, uniq_donald
Vaults:2: nicolae_vaults_ellipses_ellipsis, minmay_crypt_entry_simple_box,
          nicolae_vaults_prndl, hangedman_vaults_capsules,
          dpeg_vaults_monster_row, v_rooms_6,
          nicolae_vaults_variable_pillar_hall_cross,
          nicolae_vaults_tetromino_Z_2, grunt_vaults_funnel,
          layout_vaults_omnicross, uniq_margery
Vaults:3: v_misc_5, nicolae_vaults_doubleplus_tesselated,
          ontoclasm_vaults_decontamination, nicolae_vaults_yaktaur_gun_rack,
          hangedman_vaults_restitches, nicolae_vaults_hallways_thing,
          vaults_room_octagon, grunt_vaults_twisty, v_alt_pattern_1,
          nicolae_vaults_quartermaster, nicolae_vaults_three_branches,
          layout_vaults_ring
Vaults:4: lemuel_angel_altar, serial_library_hellmonk_open_cross,
          nicolae_vaults_good_morning_starshine,
          nicolae_vaults_hexular_roomagon, v_misc_1, v_alt_pattern_3,
          vaults_dpeg_cross, ontoclasm_vaults_ligature, v_rooms_1,
          layout_vaults_maze_bifur
Vaults:5: uniq_sojobo, uniq_saint_roka, uniq_xtahua
Crypt:1:  layout_regular_city
Crypt:2:  layout_misc_corridors
Crypt:3:  quadcrypt_mu, uniq_boris, uniq_josephina
Tomb:1
Tomb:2
Tomb:3
Depths:1: layout_cave_shapes, grunt_hell_entry_dis_old,
          nicolae_wu_jian_immortal_techniques, minmay_tree_intersection,
          lemuel_zombie_altar_yredelemnul
Depths:2: minmay_ambush_box, layout_cave_pools, grunt_pan_entry_sceptre,
          serial_rivers, chequers_serial_rivers_micro_b,
          chequers_serial_rivers_small_a, chequers_serial_rivers_room_b,
          chequers_serial_rivers_small_b, chequers_serial_rivers_room_a,
          chequers_serial_rivers_room_a, pf_hell_entry_great_geh
Depths:3: minmay_inner_zag, layout_cave_pools, enter_ziggurat_f, hell_entry,
          regret_index_abyss_entry_earlier_magic, hangedman_abyss_or_decor_slice
Depths:4: grunt_zot_entry_pinwheel, layout_gridlike, serial_aquarium,
          aquarium_bridge_straight [aquarium_subvault_bridge,
          aquarium_subvault_window, aquarium_subvault_bridge,
          aquarium_subvault_window], aquarium_bridge_straight
          [aquarium_subvault_bridge, aquarium_subvault_wall,
          aquarium_subvault_bridge, aquarium_subvault_balcony],
          aquarium_window_corner, aquarium_window_fake,
          aquarium_window_corridor_1, aquarium_window_fake, aquarium_view_2g,
          aquarium_balcony_3a, hell_entry, pan_entry
Hell
Dis:1:    nicolae_dis_heavy_handed_symbolism
Dis:2:    layout_overlapping_boxes
Dis:3:    layout_gridville
Dis:4:    nicolae_dis_big_iron_x
Dis:5:    layout_subdivisions
Dis:6:    layout_gridville
Dis:7:    dis_hangedman
Geh:1:    layout_gehenna_pools_basic
Geh:2:    layout_gehenna_lava_caves
Geh:3:    layout_gehenna_pools_box, lemuel_flamethrower_3
Geh:4:    layout_gehenna_lava_caves
Geh:5:    layout_gehenna_pools_triple
Geh:6:    layout_gehenna_lava_caves
Geh:7:    evilmike_geh
Coc:1:    layout_cocytus_water_paths
Coc:2:    layout_cocytus_water_paths
Coc:3:    layout_ice_bergs, nicolae_coc_icebean_singular
          [nicolae_sub_coc_subbean]
Coc:4:    layout_cocytus_water_paths
Coc:5:    nicolae_hells_demon_pit, layout_cocytus_delve
Coc:6:    layout_ice_bergs
Coc:7:    coc_old
Tar:1:    layout_grid_maze
Tar:2:    layout_honeycomb, nicolae_tar_cuneiform_oil, nicolae_tar_windowcombs
Tar:3:    layout_catacombs, nicolae_tar_cuneiform_two
Tar:4:    layout_cathedral_of_symmetry
Tar:5:    nicolae_tar_ssshhh
Tar:6:    layout_cathedral_of_symmetry, nicolae_hells_seeping_fissure
Tar:7:    tar_mu [tar_mu_maze]
Zot:1:    layout_gridlike, regret_index_zot_stipple_split, st_stairs_1,
          grunt_megastairs_3, uniq_vv
Zot:2:    lemuel_acid_trip, layout_cathedral_of_symmetry, zot_minivault_7
Zot:3:    grunt_twist_and_shout, layout_cathedral_of_symmetry
Zot:4:    layout_gridlike, grunt_megastairs_2
Zot:5:    layout_gridlike

Skill      XL: |  1  2  3  4  5  6  7  8  9 10 11 12 13 14 15 16 17 18 19 20 21 22 23 24 25 26 27 |
---------------+----------------------------------------------------------------------------------+-----
Conjurations   | 2 3 4 5 7 8 9 10 17 | 17.0
Summonings     | 2 3 4 5 10 | 10.0
Alchemy        | 1 2 4 5 7 8 |  8.0
Air Magic      | 1 2 3 4 6 7 8 |  8.0
Ice Magic      | 1 3 4 5 7 8 |  8.0
Spellcasting   | 4 6 7 8 10 11 12 13 14 15 | 15.0
Fighting       | 2 7 8 10 11 12 13 27 | 27.0
Polearms       | 2 |  2.0
Stealth        | 4 5 6 7 8 20 | 20.4
Dodging        | 2 3 4 5 6 16 | 16.6
Armour         | 1 2 3 4 5 11 | 11.0
Evocations     | 1 2 |  2.0
Shields        | 5 6 7 8 10 12 13 14 15 16 17 27 | 27.0
Invocations    | 7 8 10 11 12 13 | 13.0
Fire Magic     | 1 3 5 6 8 9 10 12 16 18 | 18.0
Translocations | 2 3 4 |  4.0
Necromancy     | 4 5 |  5.0
Axes           | 4 5 9 11 12 25 | 25.2
Throwing       | 1 2 |  2.0
Earth Magic    | 1 3 4 5 6 18 | 18.0
Hexes          | 1 3 4 5 |  5.0
Shapeshifting  | 6 13 16 17 20 23 | 23.0

Action                     |  1- 3 |  4- 6 |  7- 9 | 10-12 | 13-15 | 16-18 | 19-21 | 22-24 | 25-27 || total
---------------------------+-------+-------+-------+-------+-------+-------+-------+-------+-------++-------
  Melee: Dagger            |     3 |     1 |     5 |       |       |       |       |       |       ||     9
         Spear             |       |   101 |   200 |    58 |       |       |       |       |       ||   359
         Halberd           |       |       |    86 |       |       |       |       |       |       ||    86
         Trident           |       |       |       |   184 |       |       |       |       |       ||   184
         Falchion          |       |       |       |     2 |       |       |       |       |       ||     2
         Scimitar          |       |       |       |    40 |   375 |       |       |       |       ||   415
         Constrict         |       |       |       |       |   123 |   152 |   178 |   139 |   885 ||  1477
         War axe           |       |       |       |       |    11 |   512 |   384 |       |       ||   907
         Broad axe         |       |       |       |       |       |       |   201 |   636 |  4612 ||  5449
         Staff             |       |       |       |       |       |       |       |       |    20 ||    20
  Throw: Dart              |       |    12 |     6 |     7 |     9 |     8 |       |       |    11 ||    53
         Throwing net      |       |     1 |     1 |       |       |       |       |       |       ||     2
         Boomerang         |       |       |       |       |       |     8 |     7 |       |       ||    15
         Javelin           |       |       |       |       |       |       |    24 |     9 |    27 ||    60
   Cast: Magic Dart        |    25 |     3 |     1 |       |       |       |       |       |       ||    29
         Call Imp          |    10 |    25 |    48 |     7 |     8 |     3 |     1 |       |       ||   102
         Blink             |       |     3 |     4 |     2 |     6 |    10 |     8 |       |    24 ||    57
         Mephitic Cloud    |       |    13 |    46 |    51 |    37 |    14 |    11 |     9 |     1 ||   182
         Frozen Ramparts   |       |       |     7 |    30 |    15 |    10 |     1 |       |       ||    63
         Ozocubu's Armour  |       |       |     7 |    18 |    20 |    19 |    32 |     4 |    22 ||   122
         Olgreb's Toxic Ra |       |       |     2 |    11 |    87 |   100 |   127 |    50 |    35 ||   412
         Searing Ray       |       |       |       |     6 |       |       |       |       |       ||     6
         Freezing Cloud    |       |       |       |     3 |    43 |    68 |    89 |    39 |   122 ||   364
         Ignite Poison     |       |       |       |       |    16 |    14 |    10 |     6 |     3 ||    49
         Starburst         |       |       |       |       |       |    23 |     8 |     8 |       ||    39
         Dispel Undead     |       |       |       |       |       |     3 |     5 |    22 |     2 ||    32
         Yara's Violent Un |       |       |       |       |       |       |       |     3 |       ||     3
         Ignition          |       |       |       |       |       |       |       |       |   108 ||   108
         Spellforged Servi |       |       |       |       |       |       |       |       |    77 ||    77
         Lehudib's Crystal |       |       |       |       |       |       |       |       |    10 ||    10
         Lesser Beckoning  |       |       |       |       |       |       |       |       |     9 ||     9
         Shatter           |       |       |       |       |       |       |       |       |     8 ||     8
         Orb of Destructio |       |       |       |       |       |       |       |       |     2 ||     2
 Invoke: Slouch            |       |       |       |     1 |     1 |    10 |    16 |    10 |    24 ||    62
         Step From Time    |       |       |       |       |       |       |     3 |     3 |    12 ||    18
         Temporal Distorti |       |       |       |       |       |       |       |       |     2 ||     2
Ability: Spit Poison       |    19 |    31 |    47 |    29 |    23 |    20 |    27 |     6 |    21 ||   223
         Begin Untransform |       |       |       |       |       |       |     1 |     1 |     9 ||    11
         Siphon Essence    |       |       |       |       |       |       |       |       |     3 ||     3
  Evoke: Wand              |       |     1 |    16 |     4 |     1 |    24 |    15 |       |     9 ||    70
         Phantom mirror    |       |       |       |     1 |     1 |     1 |       |       |       ||     3
         Tin of tremorston |       |       |       |       |     1 |     2 |       |       |       ||     3
         Figurine of a zig |       |       |       |       |       |       |       |       |     1 ||     1
    Use: Potion            |       |     2 |     3 |     2 |     5 |     2 |     3 |     4 |    33 ||    54
         Scroll            |       |       |     7 |     3 |     9 |    12 |     8 |    11 |    66 ||   116
   Stab: Confused          |       |     7 |    19 |    27 |    11 |     6 |     5 |     1 |     1 ||    77
         Held in net/web   |       |     1 |       |       |       |       |       |       |       ||     1
         Distracted        |       |     1 |     1 |     2 |       |     2 |     1 |     1 |    61 ||    69
         Sleeping          |       |       |       |     1 |     2 |     9 |     8 |    15 |    46 ||    81
 Armour: Robe              |    11 |    63 |   210 |    27 |       |       |       |       |       ||   311
         Steam dragon scal |       |       |       |   186 |   524 |   105 |       |       |       ||   815
         Troll leather arm |       |       |       |       |       |   896 |   507 |    11 |  2112 ||  3526
         Skin              |       |       |       |       |       |       |   674 |  1220 |  1493 ||  3387
  Dodge: Dodged            |     5 |    37 |   143 |   119 |   248 |   376 |   539 |   573 |  1887 ||  3927
  Block: Kite shield       |       |       |       |   164 |   456 |   929 |   853 |       |       ||  2402
         Tower shield      |       |       |       |       |       |       |   452 |  1647 |  8280 || 10379
         Reflection        |       |       |       |       |       |       |       |       |   235 ||   235
   Form: Statue            |       |       |       |       |       |       |     2 |     1 |     7 ||    10
         Death             |       |       |       |       |       |       |       |       |    10 ||    10
                           |       |       |       |       |       |       |       |       |     1 ||     1

Table legend: (Time is in decaauts)
 A = Elapsed time spent in this place.
 B = Non-inter-level travel time spent in this place.
 C = Inter-level travel time spent in this place.
 D = Time resting spent in this place.
 E = Time spent auto-exploring this place.
 F = Levels seen in this place.
 G = Mean time per level.
                   A        B        C        D        E       F      G
               +--------+--------+--------+--------+--------+-----+--------+
         Total | 197323 | 162528 |  34795 |      0 |  87268 | 120 | 1644.4 |
       Dungeon |  34142 |  25231 |   8911 |      0 |  13910 |  15 | 2276.1 |
        Temple |     57 |     42 |     15 |      0 |      0 |   1 |   57.0 |
          Lair |  14708 |  12394 |   2314 |      0 |   7490 |   5 | 2941.6 |
        Shoals |   6655 |   5627 |   1028 |      0 |   3043 |   4 | 1663.8 |
   Spider Nest |   8633 |   6899 |   1734 |      0 |   3080 |   4 | 2158.2 |
    Slime Pits |   6059 |   5342 |    717 |      0 |   3649 |   5 | 1211.8 |
  Orcish Mines |   3890 |   2815 |   1075 |      0 |   1417 |   2 | 1945.0 |
   Elven Halls |   8974 |   8189 |    785 |      0 |   4277 |   3 | 2991.3 |
        Vaults |  20136 |  16584 |   3552 |      0 |   9072 |   5 | 4027.2 |
         Crypt |  10710 |   8787 |   1923 |      0 |   6054 |   3 | 3570.0 |
          Tomb |   6306 |   4483 |   1823 |      0 |   2232 |   3 | 2102.0 |
        Depths |  12802 |   9554 |   3248 |      0 |   6369 |   4 | 3200.5 |
          Hell |   2588 |   1855 |    733 |      0 |    632 |   1 | 2588.0 |
           Dis |   6978 |   5628 |   1350 |      0 |   2238 |   7 |  996.9 |
       Gehenna |   6736 |   6237 |    499 |      0 |   3755 |   7 |  962.3 |
       Cocytus |   6332 |   5579 |    753 |      0 |   2795 |   7 |  904.6 |
      Tartarus |  10308 |   9170 |   1138 |      0 |   6942 |   7 | 1472.6 |
           Zot |  18871 |  15681 |   3190 |      0 |   8017 |   5 | 3774.2 |
         Abyss |   2355 |   2355 |      0 |      0 |    619 |   6 |  392.5 |
   Pandemonium |   6785 |   6785 |      0 |      0 |   1254 |  11 |  616.8 |
      Ziggurat |   1179 |   1179 |      0 |      0 |     86 |  13 |   90.7 |
      Ice Cave |   1208 |   1208 |      0 |      0 |    327 |   1 | 1208.0 |
       Volcano |    899 |    899 |      0 |      0 |      0 |   1 |  899.0 |
               +--------+--------+--------+--------+--------+-----+--------+

Top non-repeatable levels by time:
   Tar:7: 6550 daAuts
 Crypt:3: 6236 daAuts
   Zot:2: 6235 daAuts
Depths:4: 5367 daAuts
Vaults:1: 4695 daAuts
   Zot:1: 4332 daAuts
Vaults:2: 4232 daAuts
Vaults:4: 4131 daAuts
   Dis:7: 4027 daAuts
   Geh:7: 3813 daAuts
Vaults:5: 3796 daAuts
    D:10: 3643 daAuts
  Tomb:1: 3628 daAuts
  Lair:3: 3501 daAuts
   Zot:3: 3381 daAuts
